Workbook

Sheet Regras de Utilização
B4: Regras de utilização
B7: Para a melhor utilização do presente modelo o empreendedor deverá dominar conceitos básicos de análise económica e financeira ou, não sendo esse o caso, deve explorar as potencialidades do presente modelo acompanhado por alguém conhecedor desses conceitos. Por outro lado, este modelo Económico Financeiro deve ser acompanhado de informação qualitativa detalhada sobre o projecto e de explicação dos pressupostos de cálculos efectuados.
B11: Principais regras de utilização:
B13: Ü Só devem ser inseridos valores nas células com fundo branco;
B14: Ü Os valores que se encontrem a azul, poderão ser alterados, mas dentro dos mesmos parâmetros;
B15: Ü A utilização deste modelo tem por base um trabalho prévio por parte do utilizador no que diz respeito à previsão de proveitos e de custos;
B16: Ü No caso de pretender efectuar uma análise de sensibilidade, utilize este mesmo modelo, mas com diferentes valores.
B19: Passos para preenchimento:
B21: 1 | C21: Para que o possa tirar partido de todas as funcionalidades do modelo, deverá confirmar se o nível de segurança das Macros esta em Médio. Para isso basta ir às Ferramentas - Macro - Segurança e no Nível de Segurança escolher / confirmar se está no Médio. Caso não esteja coloque a opção já indicada e feche o ficheiro. Quando reabrir , seleccione Aceitar Macro.
B23: 2 | C23: Colocar o nome da empresa na célula E1 na sheet de "Pressupostos";
B25: 3 | C25: Estimar o volume de negócios da empresa, através das quantidades vendidas, preço de venda dos produtos e de prestação de serviços. Caso pretenda utilize folha de cálculo anexa e faça apenas as respectivas ligações de acordo com a classificação contabilística do seu volume de negócios;
B27: 4 | C27: Colocar na sheet CMVMC na célula correspondente, as margens brutas de negócio para cada um dos produtos vendidos;
B29: 5 | C29: Na sheet FSE, estimar um valor médio mensal para cada umas das rubricas que se adaptem à empresa / negócio;
B31: 6 | C31: Na sheet Gastos com Pessoal, definir os colaboradores (Gerência e Pessoal) da empresa e respectivas remunerações brutas mensais. Para além disto, definir, caso se aplique um valor para a formação e outros custos com pessoal;
B33: 7 | C33: Posteriormente, definir o quadro de investimento da empresa / projecto na sheet de Investimentos, repartida pelas diferentes rubricas de investimento em activo fixo;
B35: 8 | C35: Na sheet de Fundo Maneio, definir a Reserva de Segurança de Tesouraria. Esta rubrica representa um valor mínimo de disponibilidades a manter ao longo do projecto;
B37: 9 | C37: Após a definição de todos estes pressupostos tem que definir a forma de financiamento do projecto na sheet Financiamento. Deverá indicar o valor de capital social inicial e eventuais aumentos, bem como o nível de suprimentos da empresa e / ou o valor dos empréstimos bancários;
B39: 10 | C39: Os inputs do modelo estão inseridos, sendo necessário apenas fazer o acerto de disponibilidades. Assim sendo, na sheet de Plano Financeiro carregar no rectângulo que indica "Acerto do modelo"
B41: NOTA | C41: No caso de empresas industriais é aconselhado o uso da sheet Calculos Auxiliares. Esta sheet constitui uma base de cálculo indispensável ao suporte previsional do modelo de projecções.

Sheet Pressupostos
D1: Empresa: | E1: Dissolve, Lda
A4: Pressupostos Gerais
A6: Valide os pressupostos aqui indicados e ajuste-os de acordo com o seu projecto
A9: Unidade monetária | B9: Euros
A11: 1º Ano actividade | B11: 2015
A13: Prazo médio de Recebimento (dias) / (meses) | B13: 30 | C13: =B13/30 -> 1
A14: Prazo médio de Pagamento (dias) / (meses) | B14: 30 | C14: =B14/30 -> 1
A15: Prazo médio de Stockagem (dias) / (meses) | B15: 0 | C15: =B15/30 -> 0
A17: Taxa de IVA - Vendas | B17: 0.23
A18: Taxa de IVA - Prestação Serviços | B18: 0.23
A19: Taxa de IVA - CMVMC | B19: 0.23
A20: Taxa de IVA - FSE | B20: 0.23
A21: Taxa de IVA - Investimento | B21: 0.23
A23: Taxa de Segurança Social - entidade - órgãos sociais | B23: 0.2375
A24: Taxa de Segurança Social - entidade - colaboradores | B24: 0.2375
A25: Taxa de Segurança Social - pessoal - órgãos sociais | B25: 0.11
A26: Taxa de Segurança Social - pessoal - colaboradores | B26: 0.11
A27: Taxa média de IRS | B27: 0.145
A28: Taxa de IRC | B28: 0.17
A30: Taxa de Aplicações Financeiras Curto Prazo | B30: 0.007
A31: Taxa de juro de empréstimo Curto Prazo | B31: =1.6%+4% -> 0.056
A32: Taxa de juro de empréstimo ML Prazo | B32: 0
A34: Taxa de juro de activos sem risco - Rf | B34: 0.016 | C34: NOTA: Quando não se aplica Beta, colocar:
A35: Prémio de risco de mercado - (Rm-Rf)* ou pº | B35: 0.1 | C35: - O prémio de risco (pº) adequado ao projecto
A36: Beta empresas equivalentes | B36: 1 | C36: - Beta = 100%
A37: Taxa de crescimento dos cash flows na perpetuidade | B37: 0.05 | C37: ==> R(Tx actualização) = Rf + pº
A38: * Rendimento esperado de mercado
A40: Métodos de avaliação considerados:
A42: Free Cash Flow to Firm
A43: Em linhas gerais, o método dos fluxos de caixa descontados consiste em estimar-se os fluxos de caixa futuros da empresa e trazê-los a valor presente por uma determinada taxa de desconto (WACC). Em outras palavras, o valor de uma empresa pode ser expresso como o valor presente do fluxo FCFF (fluxo de caixa líquido para a firma, do inglês Free Cash Flow to Firm).
A47: Free Cash Flow to Equity
A48: No método de avaliação pelo desconto de fluxos de caixa líquido do acionista (FCFE – do inglês Free Cashflow to Equity), o objetivo é avaliar directamente o património líquido da empresa.

Sheet VN
G1: Empresa: | H1: ='Pressupostos'!E1 -> Dissolve, Lda
A2: s | H2: ='Pressupostos'!B9 -> Euros
A4: Vendas + Prestações de Serviços
C8: ='Pressupostos'!B11 -> 2015 | D8: =C8+1 -> 2016 | E8: =D8+1 -> 2017 | F8: =E8+1 -> 2018 | G8: =F8+1 -> 2019 | H8: =G8+1 -> 2020
A9: Taxa de variação dos preços | D9: 0.03 | E9: 0.03 | F9: 0.03 | G9: 0.03 | H9: 0.03
A12: VENDAS - MERCADO NACIONAL | C12: =C8 -> 2015 | D12: =D8 -> 2016 | E12: =E8 -> 2017 | F12: =F8 -> 2018 | G12: =G8 -> 2019 | H12: =H8 -> 2020
A13: Produto A * | C13: =C16*C14 -> 0 | D13: =D16*D14 -> 0 | E13: =E16*E14 -> 0 | F13: =F16*F14 -> 0 | G13: =G16*G14 -> 0 | H13: =H16*H14 -> 0
A14: Quantidades vendidas | D14: =C14*(1+D15) -> 0 | E14: =D14*(1+E15) -> 0 | F14: =E14*(1+F15) -> 0 | G14: =F14*(1+G15) -> 0 | H14: =G14*(1+H15) -> 0
A15: Taxa de crescimento das unidades vendidas
A16: Preço Unitário | D16: =C16*(1+D9) -> 0 | E16: =D16*(1+E9) -> 0 | F16: =E16*(1+F9) -> 0 | G16: =F16*(1+G9) -> 0 | H16: =G16*(1+H9) -> 0
A17: Produto B * | C17: =C20*C18 -> 0 | D17: =D20*D18 -> 0 | E17: =E20*E18 -> 0 | F17: =F20*F18 -> 0 | G17: =G20*G18 -> 0 | H17: =H20*H18 -> 0
A18: Quantidades vendidas | D18: =C18*(1+D19) -> 0 | E18: =D18*(1+E19) -> 0 | F18: =E18*(1+F19) -> 0 | G18: =F18*(1+G19) -> 0 | H18: =G18*(1+H19) -> 0
A19: Taxa de crescimento das unidades vendidas
A20: Preço Unitário | D20: =C20*(1+D9) -> 0 | E20: =D20*(1+E9) -> 0 | F20: =E20*(1+F9) -> 0 | G20: =F20*(1+G9) -> 0 | H20: =G20*(1+H9) -> 0
A21: Produto C * | C21: =C24*C22 -> 0 | D21: =D24*D22 -> 0 | E21: =E24*E22 -> 0 | F21: =F24*F22 -> 0 | G21: =G24*G22 -> 0 | H21: =H24*H22 -> 0
A22: Quantidades vendidas | D22: =C22*(1+D23) -> 0 | E22: =D22*(1+E23) -> 0 | F22: =E22*(1+F23) -> 0 | G22: =F22*(1+G23) -> 0 | H22: =G22*(1+H23) -> 0
A23: Taxa de crescimento das unidades vendidas
A24: Preço Unitário | D24: =C24*(1+D9) -> 0 | E24: =D24*(1+E9) -> 0 | F24: =E24*(1+F9) -> 0 | G24: =F24*(1+G9) -> 0 | H24: =G24*(1+H9) -> 0
A25: Produto D * | C25: =C28*C26 -> 0 | D25: =D28*D26 -> 0 | E25: =E28*E26 -> 0 | F25: =F28*F26 -> 0 | G25: =G28*G26 -> 0 | H25: =H28*H26 -> 0
A26: Quantidades vendidas | D26: =C26*(1+D27) -> 0 | E26: =D26*(1+E27) -> 0 | F26: =E26*(1+F27) -> 0 | G26: =F26*(1+G27) -> 0 | H26: =G26*(1+H27) -> 0
A27: Taxa de crescimento das unidades vendidas
A28: Preço Unitário | D28: =C28*(1+D9) -> 0 | E28: =D28*(1+E9) -> 0 | F28: =E28*(1+F9) -> 0 | G28: =F28*(1+G9) -> 0 | H28: =G28*(1+H9) -> 0
A29: TOTAL | C29: =C13+C17+C21+C25 -> 0 | D29: =D13+D17+D21+D25 -> 0 | E29: =E13+E17+E21+E25 -> 0 | F29: =F13+F17+F21+F25 -> 0 | G29: =G13+G17+G21+G25 -> 0 | H29: =H13+H17+H21+H25 -> 0
A32: VENDAS - EXPORTAÇÃO | C32: =C8 -> 2015 | D32: =D8 -> 2016 | E32: =E8 -> 2017 | F32: =F8 -> 2018 | G32: =G8 -> 2019 | H32: =H8 -> 2020
A33: Produto A * | C33: =C36*C34 -> 0 | D33: =D36*D34 -> 0 | E33: =E36*E34 -> 0 | F33: =F36*F34 -> 0 | G33: =G36*G34 -> 0 | H33: =H36*H34 -> 0
A34: Quantidades vendidas | D34: =C34*(1+D35) -> 0 | E34: =D34*(1+E35) -> 0 | F34: =E34*(1+F35) -> 0 | G34: =F34*(1+G35) -> 0 | H34: =G34*(1+H35) -> 0
A35: Taxa de crescimento das unidades vendidas
A36: Preço Unitário | D36: =C36*(1+D9) -> 0 | E36: =D36*(1+E9) -> 0 | F36: =E36*(1+F9) -> 0 | G36: =F36*(1+G9) -> 0 | H36: =G36*(1+H9) -> 0
A37: Produto B * | C37: =C40*C38 -> 0 | D37: =D40*D38 -> 0 | E37: =E40*E38 -> 0 | F37: =F40*F38 -> 0 | G37: =G40*G38 -> 0 | H37: =H40*H38 -> 0
A38: Quantidades vendidas | D38: =C38*(1+D39) -> 0 | E38: =D38*(1+E39) -> 0 | F38: =E38*(1+F39) -> 0 | G38: =F38*(1+G39) -> 0 | H38: =G38*(1+H39) -> 0
A39: Taxa de crescimento das unidades vendidas
A40: Preço Unitário | D40: =C40*(1+D9) -> 0 | E40: =D40*(1+E9) -> 0 | F40: =E40*(1+F9) -> 0 | G40: =F40*(1+G9) -> 0 | H40: =G40*(1+H9) -> 0
A41: TOTAL | C41: =C33+C37 -> 0 | D41: =D33+D37 -> 0 | E41: =E33+E37 -> 0 | F41: =F33+F37 -> 0 | G41: =G33+G37 -> 0 | H41: =H33+H37 -> 0
A42: * Produtos / Familias de Produtos / Mercadorias
A43: NOTA: Caso não tenha conhecimento das quantidades, colocar o valor das vendas na linha das "Quantidades Vendidas" e o valor 1 na linha do "Preço Unitário".
A45: PRESTAÇÕES DE SERVIÇOS - MERCADO NACIONAL | C45: =C8 -> 2015 | D45: =D8 -> 2016 | E45: =E8 -> 2017 | F45: =F8 -> 2018 | G45: =G8 -> 2019 | H45: =H8 -> 2020
A46: Serviço A - Operação EVS / MISTURA | C46: 3120 | D46: =C46*(1+D47) -> 9360 | E46: =D46*(1+E47) -> 9360 | F46: =E46*(1+F47) -> 9360 | G46: =F46*(1+G47) -> 9360 | H46: =G46*(1+H47) -> 9360
A47: Taxa de crescimento | C47: 0 | D47: 2 | E47: 0 | F47: 0
A48: Serviço B - Realização | C48: 2560 | D48: =C48*(1+D49) -> 8000 | E48: =D48*(1+E49) -> 11520 | F48: =E48*(1+F49) -> 12799.872 | G48: =F48*(1+G49) -> 12799.872 | H48: =G48*(1+H49) -> 12799.872
A49: Taxa de crescimento | C49: 0 | D49: 2.125 | E49: 0.44 | F49: 0.1111
A50: Serviço C - Alugueres | C50: 1650 | D50: =C50*(1+D51) -> 10275.045 | E50: =D50*(1+E51) -> 13174.663 | F50: =E50*(1+F51) -> 14249.715 | G50: =F50*(1+G51) -> 14249.715 | H50: =G50*(1+H51) -> 14249.715
A51: Taxa de crescimento | C51: 0 | D51: 5.2273 | E51: 0.2822 | F51: 0.0816
A52: Serviço D - Avenças | C52: 1000 | D52: =C52*(1+D53) -> 7000 | E52: =D52*(1+E53) -> 11000.43 | F52: =E52*(1+F53) -> 12000.369 | G52: =F52*(1+G53) -> 12000.369 | H52: =G52*(1+H53) -> 12000.369
A53: Taxa de crescimento | C53: 0 | D53: 6 | E53: 0.57149 | F53: 0.0909
A54: TOTAL | C54: =C46+C48+C50+C52 -> 8330 | D54: =D46+D48+D50+D52 -> 34635.045 | E54: =E46+E48+E50+E52 -> 45055.093 | F54: =F46+F48+F50+F52 -> 48409.956 | G54: =G46+G48+G50+G52 -> 48409.956 | H54: =H46+H48+H50+H52 -> 48409.956
A57: PRESTAÇÕES DE SERVIÇOS - EXPORTAÇÕES | C57: =C8 -> 2015 | D57: =D8 -> 2016 | E57: =E8 -> 2017 | F57: =F8 -> 2018 | G57: =G8 -> 2019 | H57: =H8 -> 2020
A58: Serviço A | D58: =C58*(1+D59) -> 0 | E58: =D58*(1+E59) -> 0 | F58: =E58*(1+F59) -> 0 | G58: =F58*(1+G59) -> 0 | H58: =G58*(1+H59) -> 0
A59: Taxa de crescimento
A60: Serviço B | D60: =C60*(1+D61) -> 0 | E60: =D60*(1+E61) -> 0 | F60: =E60*(1+F61) -> 0 | G60: =F60*(1+G61) -> 0 | H60: =G60*(1+H61) -> 0
A61: Taxa de crescimento
A62: Serviço C | D62: =C62*(1+D63) -> 0 | E62: =D62*(1+E63) -> 0 | F62: =E62*(1+F63) -> 0 | G62: =F62*(1+G63) -> 0 | H62: =G62*(1+H63) -> 0
A63: Taxa de crescimento
A64: Serviço D | D64: =C64*(1+D65) -> 0 | E64: =D64*(1+E65) -> 0 | F64: =E64*(1+F65) -> 0 | G64: =F64*(1+G65) -> 0 | H64: =G64*(1+H65) -> 0
A65: Taxa de crescimento
A66: TOTAL | C66: =C58+C60+C62+C64 -> 0 | D66: =D58+D60+D62+D64 -> 0 | E66: =E58+E60+E62+E64 -> 0 | F66: =F58+F60+F62+F64 -> 0 | G66: =G58+G60+G62+G64 -> 0 | H66: =H58+H60+H62+H64 -> 0
A69: TOTAL VENDAS - MERCADO NACIONAL | C69: =C29 -> 0 | D69: =D29 -> 0 | E69: =E29 -> 0 | F69: =F29 -> 0 | G69: =G29 -> 0 | H69: =H29 -> 0
A70: TOTAL VENDAS - EXPORTAÇÕES | C70: =C41 -> 0 | D70: =D41 -> 0 | E70: =E41 -> 0 | F70: =F41 -> 0 | G70: =G41 -> 0 | H70: =H41 -> 0
A71: TOTAL VENDAS | C71: =C69+C70 -> 0 | D71: =D69+D70 -> 0 | E71: =E69+E70 -> 0 | F71: =F69+F70 -> 0 | G71: =G69+G70 -> 0 | H71: =H69+H70 -> 0
A72: IVA VENDAS | B72: ='Pressupostos'!B17 -> 0.23 | C72: =C69*$B$72 -> 0 | D72: =D69*$B$72 -> 0 | E72: =E69*$B$72 -> 0 | F72: =F69*$B$72 -> 0 | G72: =G69*$B$72 -> 0 | H72: =H69*$B$72 -> 0
A75: TOTAL PRESTAÇÕES DE SERVIÇOS - MERCADO NACIONAL | C75: =C54 -> 8330 | D75: =D54 -> 34635.045 | E75: =E54 -> 45055.093 | F75: =F54 -> 48409.956 | G75: =G54 -> 48409.956 | H75: =H54 -> 48409.956
A76: TOTAL PRESTAÇÕES DE SERVIÇOS - EXPORTAÇÕES | C76: =C66 -> 0 | D76: =D66 -> 0 | E76: =E66 -> 0 | F76: =F66 -> 0 | G76: =G66 -> 0 | H76: =H66 -> 0
A77: TOTAL PRESTAÇÕES SERVIÇOS | C77: =C75+C76 -> 8330 | D77: =D75+D76 -> 34635.045 | E77: =E75+E76 -> 45055.093 | F77: =F75+F76 -> 48409.956 | G77: =G75+G76 -> 48409.956 | H77: =H75+H76 -> 48409.956
A78: IVA PRESTAÇÕES DE SERVIÇOS | B78: ='Pressupostos'!B18 -> 0.23 | C78: =C75*$B$78 -> 1915.9 | D78: =D75*$B$78 -> 7966.0603 | E78: =E75*$B$78 -> 10362.671 | F78: =F75*$B$78 -> 11134.29 | G78: =G75*$B$78 -> 11134.29 | H78: =H75*$B$78 -> 11134.29
A80: TOTAL VOLUME DE NEGÓCIOS | C80: =C71+C77 -> 8330 | D80: =D71+D77 -> 34635.045 | E80: =E71+E77 -> 45055.093 | F80: =F71+F77 -> 48409.956 | G80: =G71+G77 -> 48409.956 | H80: =H71+H77 -> 48409.956
A82: IVA | C82: =C72+C78 -> 1915.9 | D82: =D72+D78 -> 7966.0603 | E82: =E72+E78 -> 10362.671 | F82: =F72+F78 -> 11134.29 | G82: =G72+G78 -> 11134.29 | H82: =H72+H78 -> 11134.29
A84: TOTAL VOLUME DE NEGÓCIOS + IVA | C84: =C80+C82 -> 10245.9 | D84: =D80+D82 -> 42601.105 | E84: =E80+E82 -> 55417.764 | F84: =F80+F82 -> 59544.246 | G84: =G80+G82 -> 59544.246 | H84: =H80+H82 -> 59544.246
A87: Perdas por imparidade | C87: =$B$87*C84 -> 0 | D87: =$B$87*D84 -> 0 | E87: =$B$87*E84 -> 0 | F87: =$B$87*F84 -> 0 | G87: =$B$87*G84 -> 0 | H87: =$B$87*H84 -> 0

Sheet CMVMC
G1: EMPRESA: | H1: ='Pressupostos'!E1 -> Dissolve, Lda
H2: ='Pressupostos'!B9 -> Euros
A4: CMVMC - Custo das Mercadorias Vendidas e Matérias Consumidas
A7: CMVMC | B7: Margem Bruta | C7: ='VN'!C8 -> 2015 | D7: ='VN'!D8 -> 2016 | E7: ='VN'!E8 -> 2017 | F7: ='VN'!F8 -> 2018 | G7: ='VN'!G8 -> 2019 | H7: ='VN'!H8 -> 2020
A8: MERCADO NACIONAL | C8: =SUM(C9:C12) -> 0 | D8: =SUM(D9:D12) -> 0 | E8: =SUM(E9:E12) -> 0 | F8: =SUM(F9:F12) -> 0 | G8: =SUM(G9:G12) -> 0 | H8: =SUM(H9:H12) -> 0
A9: ='VN'!A13 -> Produto A * | C9: ='VN'!C13*(1-$B$9) -> 0 | D9: ='VN'!D13*(1-$B$9) -> 0 | E9: ='VN'!E13*(1-$B$9) -> 0 | F9: ='VN'!F13*(1-$B$9) -> 0 | G9: ='VN'!G13*(1-$B$9) -> 0 | H9: ='VN'!H13*(1-$B$9) -> 0
A10: ='VN'!A17 -> Produto B * | C10: ='VN'!C17*(1-$B$10) -> 0 | D10: ='VN'!D17*(1-$B$10) -> 0 | E10: ='VN'!E17*(1-$B$10) -> 0 | F10: ='VN'!F17*(1-$B$10) -> 0 | G10: ='VN'!G17*(1-$B$10) -> 0 | H10: ='VN'!H17*(1-$B$10) -> 0
A11: ='VN'!A21 -> Produto C * | C11: ='VN'!C21*(1-$B$11) -> 0 | D11: ='VN'!D21*(1-$B$11) -> 0 | E11: ='VN'!E21*(1-$B$11) -> 0 | F11: ='VN'!F21*(1-$B$11) -> 0 | G11: ='VN'!G21*(1-$B$11) -> 0 | H11: ='VN'!H21*(1-$B$11) -> 0
A12: ='VN'!A25 -> Produto D * | C12: ='VN'!C25*(1-$B$12) -> 0 | D12: ='VN'!D25*(1-$B$12) -> 0 | E12: ='VN'!E25*(1-$B$12) -> 0 | F12: ='VN'!F25*(1-$B$12) -> 0 | G12: ='VN'!G25*(1-$B$12) -> 0 | H12: ='VN'!H25*(1-$B$12) -> 0
A13: MERCADO EXTERNO | C13: =C15+C14 -> 0 | D13: =D15+D14 -> 0 | E13: =E15+E14 -> 0 | F13: =F15+F14 -> 0 | G13: =G15+G14 -> 0 | H13: =H15+H14 -> 0
A14: ='VN'!A33 -> Produto A * | C14: ='VN'!C33*(1-$B$14) -> 0 | D14: ='VN'!D33*(1-$B$14) -> 0 | E14: ='VN'!E33*(1-$B$14) -> 0 | F14: ='VN'!F33*(1-$B$14) -> 0 | G14: ='VN'!G33*(1-$B$14) -> 0 | H14: ='VN'!H33*(1-$B$14) -> 0
A15: ='VN'!A37 -> Produto B * | C15: ='VN'!C37*(1-$B$15) -> 0 | D15: ='VN'!D37*(1-$B$15) -> 0 | E15: ='VN'!E37*(1-$B$15) -> 0 | F15: ='VN'!F37*(1-$B$15) -> 0 | G15: ='VN'!G37*(1-$B$15) -> 0 | H15: ='VN'!H37*(1-$B$15) -> 0
A16: TOTAL CMVMC | C16: =C8+C13 -> 0 | D16: =D8+D13 -> 0 | E16: =E8+E13 -> 0 | F16: =F8+F13 -> 0 | G16: =G8+G13 -> 0 | H16: =H8+H13 -> 0
A18: IVA | B18: ='Pressupostos'!B19 -> 0.23 | C18: =C8*$B$18 -> 0 | D18: =D8*$B$18 -> 0 | E18: =E8*$B$18 -> 0 | F18: =F8*$B$18 -> 0 | G18: =G8*$B$18 -> 0 | H18: =H8*$B$18 -> 0
A20: TOTAL CMVMC + IVA | C20: =C16+C18 -> 0 | D20: =D16+D18 -> 0 | E20: =E16+E18 -> 0 | F20: =F16+F18 -> 0 | G20: =G16+G18 -> 0 | H20: =H16+H18 -> 0
A23: NOTA: Mapa construído caso a caso:
A24: a) Introduzir a Margem Bruta directamente, quando conhecida e passível de ser utilizada, ou efectuar a respectiva fórmula de cálculo;
A25: b) Efectuar os cálculos auxiliares considerados necessários para alcançar a o nível de matéria-prima por unidade produzida e introduzir manualmente os valores;
A26: c) Caso não seja possível alcançar o nível do consumo de matéria-prima por produto, introduzir o valor do custo total, após a realização dos respectivos cálculos auxiliares.
A28: NOTA 2: Está disponível uma folha para cálculos auxiliares. Contém mapas para cálculo do CMVMC de projectos industriais.

Sheet FSE
J1: ='VN'!G1 -> Empresa: | K1: ='Pressupostos'!E1 -> Dissolve, Lda
K2: ='Pressupostos'!B9 -> Euros
A4: FSE - Fornecimentos e Serviços Externos
F7: ='VN'!C8 -> 2015 | G7: ='VN'!D8 -> 2016 | H7: ='VN'!E8 -> 2017 | I7: ='VN'!F8 -> 2018 | J7: ='VN'!G8 -> 2019 | K7: ='VN'!H8 -> 2020
A8: Nº Meses | F8: 4 | G8: 12 | H8: 12 | I8: 12 | J8: 12 | K8: 12
A9: Taxa de crescimento | F9: 0 | G9: 0.03 | H9: 0.03 | I9: 0.03 | J9: 0.03 | K9: 0.03
B12: Tx IVA | C12: CF | D12: CV | E12: Valor Mensal | F12: ='VN'!C8 -> 2015 | G12: ='VN'!D8 -> 2016 | H12: ='VN'!E8 -> 2017 | I12: ='VN'!F8 -> 2018 | J12: ='VN'!G8 -> 2019 | K12: ='VN'!H8 -> 2020
A13: Subcontratos | B13: ='Pressupostos'!$B$20 -> 0.23 | C13: =100%-D13 -> 1 | D13: 0 | F13: =E13*$F$8 -> 0 | G13: =E13*$G$8*(1+$G$9) -> 0 | H13: =G13*(1+$H$9) -> 0 | I13: =H13*(1+$I$9) -> 0 | J13: =I13*(1+$J$9) -> 0 | K13: =J13*(1+$K$9) -> 0
A14: Serviços especializados
A15: Facturação - InvoiceXpress | B15: ='Pressupostos'!$B$20 -> 0.23 | C15: =100%-D15 -> 1 | D15: 0 | E15: 5 | F15: =E15*$F$8 -> 20 | G15: =E15*$G$8*(1+$G$9) -> 61.8 | H15: =G15*(1+$H$9) -> 63.654 | I15: =H15*(1+$I$9) -> 65.56362 | J15: =I15*(1+$J$9) -> 67.530529 | K15: =J15*(1+$K$9) -> 69.556444
A16: Alojamento/desenvolvimento Web Site | B16: ='Pressupostos'!$B$20 -> 0.23 | C16: =100%-D16 -> 1 | E16: 5 | F16: =E16*$F$8 -> 20 | G16: =E16*$G$8*(1+$G$9) -> 61.8 | H16: =G16*(1+$H$9) -> 63.654 | I16: =H16*(1+$I$9) -> 65.56362 | J16: =I16*(1+$J$9) -> 67.530529 | K16: =J16*(1+$K$9) -> 69.556444
A17: Vigilância e segurança | B17: ='Pressupostos'!$B$20 -> 0.23 | C17: =100%-D17 -> 1 | F17: =E17*$F$8 -> 0 | G17: =E17*$G$8*(1+$G$9) -> 0 | H17: =G17*(1+$H$9) -> 0 | I17: =H17*(1+$I$9) -> 0 | J17: =I17*(1+$J$9) -> 0 | K17: =J17*(1+$K$9) -> 0
A18: Honorários | B18: ='Pressupostos'!$B$20 -> 0.23 | C18: =100%-D18 -> 1 | E18: 12.5 | F18: =E18*$F$8 -> 50 | G18: =E18*$G$8*(1+$G$9) -> 154.5 | H18: =G18*(1+$H$9) -> 159.135 | I18: =H18*(1+$I$9) -> 163.90905 | J18: =I18*(1+$J$9) -> 168.82632 | K18: =J18*(1+$K$9) -> 173.89111
A19: Comissões Bancárias | B19: ='Pressupostos'!$B$20 -> 0.23 | C19: =100%-D19 -> 1 | E19: 15 | F19: =E19*$F$8 -> 60 | G19: =E19*$G$8*(1+$G$9) -> 185.4 | H19: =G19*(1+$H$9) -> 190.962 | I19: =H19*(1+$I$9) -> 196.69086 | J19: =I19*(1+$J$9) -> 202.59159 | K19: =J19*(1+$K$9) -> 208.66933
A20: Conservação e reparação | B20: ='Pressupostos'!$B$20 -> 0.23 | C20: =100%-D20 -> 1 | E20: 40 | F20: =E20*$F$8 -> 160 | G20: =E20*$G$8*(1+$G$9) -> 494.4 | H20: =G20*(1+$H$9) -> 509.232 | I20: =H20*(1+$I$9) -> 524.50896 | J20: =I20*(1+$J$9) -> 540.24423 | K20: =J20*(1+$K$9) -> 556.45156
A21: Materiais
A22: Consumíveis | B22: ='Pressupostos'!$B$20 -> 0.23 | C22: =100%-D22 -> 1 | E22: 25 | F22: =(E22*$F$8) -> 100 | G22: =E22*$G$8*(1+$G$9) -> 309 | H22: =G22*(1+$H$9) -> 318.27 | I22: =H22*(1+$I$9) -> 327.8181 | J22: =I22*(1+$J$9) -> 337.65264 | K22: =J22*(1+$K$9) -> 347.78222
A23: Livros e documentação técnica | B23: ='Pressupostos'!$B$20 -> 0.23 | C23: =100%-D23 -> 1 | F23: =(E23*$F$8) -> 0 | G23: =E23*$G$8*(1+$G$9) -> 0 | H23: =G23*(1+$H$9) -> 0 | I23: =H23*(1+$I$9) -> 0 | J23: =I23*(1+$J$9) -> 0 | K23: =J23*(1+$K$9) -> 0
A24: Material de escritório | B24: ='Pressupostos'!$B$20 -> 0.23 | C24: =100%-D24 -> 1 | E24: 5 | F24: =(E24*$F$8) -> 20 | G24: =E24*$G$8*(1+$G$9) -> 61.8 | H24: =G24*(1+$H$9) -> 63.654 | I24: =H24*(1+$I$9) -> 65.56362 | J24: =I24*(1+$J$9) -> 67.530529 | K24: =J24*(1+$K$9) -> 69.556444
A25: Artigos para oferta | B25: ='Pressupostos'!$B$20 -> 0.23 | C25: =100%-D25 -> 1 | F25: =(E25*$F$8) -> 0 | G25: =E25*$G$8*(1+$G$9) -> 0 | H25: =G25*(1+$H$9) -> 0 | I25: =H25*(1+$I$9) -> 0 | J25: =I25*(1+$J$9) -> 0 | K25: =J25*(1+$K$9) -> 0
A26: Energia e fluidos
A27: Electricidade | B27: ='Pressupostos'!$B$20 -> 0.23 | C27: =100%-D27 -> 1 | F27: =(E27*$F$8)/(12)*4 -> 0 | G27: =E27*$G$8*(1+$G$9) -> 0 | H27: =G27*(1+$H$9) -> 0 | I27: =H27*(1+$I$9) -> 0 | J27: =I27*(1+$J$9) -> 0 | K27: =J27*(1+$K$9) -> 0
A28: Combustíveis | B28: ='Pressupostos'!$B$20 -> 0.23 | C28: =100%-D28 -> 1 | E28: 200 | F28: =(E28*$F$8) -> 800 | G28: =E28*$G$8*(1+$G$9) -> 2472 | H28: =G28*(1+$H$9) -> 2546.16 | I28: =H28*(1+$I$9) -> 2622.5448 | J28: =I28*(1+$J$9) -> 2701.2211 | K28: =J28*(1+$K$9) -> 2782.2578
A29: Água | B29: 0.06 | C29: =100%-D29 -> 1 | F29: =(E29*$F$8)/(12)*4 -> 0 | G29: =E29*$G$8*(1+$G$9) -> 0 | H29: =G29*(1+$H$9) -> 0 | I29: =H29*(1+$I$9) -> 0 | J29: =I29*(1+$J$9) -> 0 | K29: =J29*(1+$K$9) -> 0
A30: Deslocações, estadas e transportes
A31: Deslocações e Estadas | B31: ='Pressupostos'!$B$20 -> 0.23 | C31: =100%-D31 -> 1 | E31: 35 | F31: =E31*$F$8 -> 140 | G31: =E31*$G$8*(1+$G$9) -> 432.6 | H31: =G31*(1+$H$9) -> 445.578 | I31: =H31*(1+$I$9) -> 458.94534 | J31: =I31*(1+$J$9) -> 472.7137 | K31: =J31*(1+$K$9) -> 486.89511
A32: Transportes de pessoal | B32: ='Pressupostos'!$B$20 -> 0.23 | C32: =100%-D32 -> 1 | F32: =E32*$F$8 -> 0 | G32: =E32*$G$8*(1+$G$9) -> 0 | H32: =G32*(1+$H$9) -> 0 | I32: =H32*(1+$I$9) -> 0 | J32: =I32*(1+$J$9) -> 0 | K32: =J32*(1+$K$9) -> 0
A33: Transportes de mercadorias | B33: ='Pressupostos'!$B$20 -> 0.23 | C33: =100%-D33 -> 1 | F33: =E33*$F$8 -> 0 | G33: =E33*$G$8*(1+$G$9) -> 0 | H33: =G33*(1+$H$9) -> 0 | I33: =H33*(1+$I$9) -> 0 | J33: =I33*(1+$J$9) -> 0 | K33: =J33*(1+$K$9) -> 0
A34: Serviços diversos
A35: Rendas e alugueres | B35: ='Pressupostos'!$B$20 -> 0.23 | C35: =100%-D35 -> 1 | F35: =E35*$F$8 -> 0 | G35: =E35*$G$8*(1+$G$9) -> 0 | H35: =G35*(1+$H$9) -> 0 | I35: =H35*(1+$I$9) -> 0 | J35: =I35*(1+$J$9) -> 0 | K35: =J35*(1+$K$9) -> 0
A36: Comunicação | B36: ='Pressupostos'!$B$20 -> 0.23 | C36: =100%-D36 -> 1 | E36: 100 | F36: =E36*$F$8 -> 400 | G36: =E36*$G$8*(1+$G$9) -> 1236 | H36: =G36*(1+$H$9) -> 1273.08 | I36: =H36*(1+$I$9) -> 1311.2724 | J36: =I36*(1+$J$9) -> 1350.6106 | K36: =J36*(1+$K$9) -> 1391.1289
A37: Seguros | B37: 0 | C37: =100%-D37 -> 1 | E37: =45+15+35 -> 95 | F37: =E37*$F$8 -> 380 | G37: =E37*$G$8*(1+$G$9) -> 1174.2 | H37: =G37*(1+$H$9) -> 1209.426 | I37: =H37*(1+$I$9) -> 1245.7088 | J37: =I37*(1+$J$9) -> 1283.08 | K37: =J37*(1+$K$9) -> 1321.5724
A38: Manutenções | B38: ='Pressupostos'!$B$20 -> 0.23 | C38: =100%-D38 -> 1 | F38: =E38*$F$8 -> 0 | G38: =E38*$G$8*(1+$G$9) -> 0 | H38: =G38*(1+$H$9) -> 0 | I38: =H38*(1+$I$9) -> 0 | J38: =I38*(1+$J$9) -> 0 | K38: =J38*(1+$K$9) -> 0
A39: Contencioso e notariado | B39: ='Pressupostos'!$B$20 -> 0.23 | C39: =100%-D39 -> 1 | F39: =E39*$F$8 -> 0 | G39: =E39*$G$8*(1+$G$9) -> 0 | H39: =G39*(1+$H$9) -> 0 | I39: =H39*(1+$I$9) -> 0 | J39: =I39*(1+$J$9) -> 0 | K39: =J39*(1+$K$9) -> 0
A40: Despesas de representação | B40: ='Pressupostos'!$B$20 -> 0.23 | C40: =100%-D40 -> 1 | F40: =E40*$F$8 -> 0 | G40: =E40*$G$8*(1+$G$9) -> 0 | H40: =G40*(1+$H$9) -> 0 | I40: =H40*(1+$I$9) -> 0 | J40: =I40*(1+$J$9) -> 0 | K40: =J40*(1+$K$9) -> 0
A41: Limpeza, higiene e conforto | B41: ='Pressupostos'!$B$20 -> 0.23 | C41: =100%-D41 -> 1 | F41: =E41*$F$8 -> 0 | G41: =E41*$G$8*(1+$G$9) -> 0 | H41: =G41*(1+$H$9) -> 0 | I41: =H41*(1+$I$9) -> 0 | J41: =I41*(1+$J$9) -> 0 | K41: =J41*(1+$K$9) -> 0
A42: Outros serviços | B42: ='Pressupostos'!$B$20 -> 0.23 | C42: =100%-D42 -> 1 | E42: 15 | F42: =E42*$F$8 -> 60 | G42: =E42*$G$8*(1+$G$9) -> 185.4 | H42: =G42*(1+$H$9) -> 190.962 | I42: =H42*(1+$I$9) -> 196.69086 | J42: =I42*(1+$J$9) -> 202.59159 | K42: =J42*(1+$K$9) -> 208.66933
A43: TOTAL FSE | F43: =SUM(F13:F42) -> 2210 | G43: =SUM(G13:G42) -> 6828.9 | H43: =SUM(H13:H42) -> 7033.767 | I43: =SUM(I13:I42) -> 7244.78 | J43: =SUM(J13:J42) -> 7462.1234 | K43: =SUM(K13:K42) -> 7685.9871
A45: FSE - Custos Fixos | F45: =(F13*$C$13)+(F15*$C$15)+(F16*$C$16)+(F17*$C$17)+(F18*$C$18)+(F19*$C$19)+(F20*$C$20)+(F22*$C$22)+(F23*$C$23)+(F24*$C$24)+(F25*$C$25)+(F27*$C$27)+(F28*$C$28)+(F29*$C$29)+(F31*$C$31)+(F32*$C$32)+(F33*$C$33)+(F35*$C$35)+(F36*$C$36)+(F37*$C$37)+(F38*$C$38)+(F39*$C$39)+(F40*$C$40)+(F41*$C$41)+(F42*$C$42) -> 2210 | G45: =(G13*$C$13)+(G15*$C$15)+(G16*$C$16)+(G17*$C$17)+(G18*$C$18)+(G19*$C$19)+(G20*$C$20)+(G22*$C$22)+(G23*$C$23)+(G24*$C$24)+(G25*$C$25)+(G27*$C$27)+(G28*$C$28)+(G29*$C$29)+(G31*$C$31)+(G32*$C$32)+(G33*$C$33)+(G35*$C$35)+(G36*$C$36)+(G37*$C$37)+(G38*$C$38)+(G39*$C$39)+(G40*$C$40)+(G41*$C$41)+(G42*$C$42) -> 6828.9 | H45: =(H13*$C$13)+(H15*$C$15)+(H16*$C$16)+(H17*$C$17)+(H18*$C$18)+(H19*$C$19)+(H20*$C$20)+(H22*$C$22)+(H23*$C$23)+(H24*$C$24)+(H25*$C$25)+(H27*$C$27)+(H28*$C$28)+(H29*$C$29)+(H31*$C$31)+(H32*$C$32)+(H33*$C$33)+(H35*$C$35)+(H36*$C$36)+(H37*$C$37)+(H38*$C$38)+(H39*$C$39)+(H40*$C$40)+(H41*$C$41)+(H42*$C$42) -> 7033.767 | I45: =(I13*$C$13)+(I15*$C$15)+(I16*$C$16)+(I17*$C$17)+(I18*$C$18)+(I19*$C$19)+(I20*$C$20)+(I22*$C$22)+(I23*$C$23)+(I24*$C$24)+(I25*$C$25)+(I27*$C$27)+(I28*$C$28)+(I29*$C$29)+(I31*$C$31)+(I32*$C$32)+(I33*$C$33)+(I35*$C$35)+(I36*$C$36)+(I37*$C$37)+(I38*$C$38)+(I39*$C$39)+(I40*$C$40)+(I41*$C$41)+(I42*$C$42) -> 7244.78 | J45: =(J13*$C$13)+(J15*$C$15)+(J16*$C$16)+(J17*$C$17)+(J18*$C$18)+(J19*$C$19)+(J20*$C$20)+(J22*$C$22)+(J23*$C$23)+(J24*$C$24)+(J25*$C$25)+(J27*$C$27)+(J28*$C$28)+(J29*$C$29)+(J31*$C$31)+(J32*$C$32)+(J33*$C$33)+(J35*$C$35)+(J36*$C$36)+(J37*$C$37)+(J38*$C$38)+(J39*$C$39)+(J40*$C$40)+(J41*$C$41)+(J42*$C$42) -> 7462.1234 | K45: =(K13*$C$13)+(K15*$C$15)+(K16*$C$16)+(K17*$C$17)+(K18*$C$18)+(K19*$C$19)+(K20*$C$20)+(K22*$C$22)+(K23*$C$23)+(K24*$C$24)+(K25*$C$25)+(K27*$C$27)+(K28*$C$28)+(K29*$C$29)+(K31*$C$31)+(K32*$C$32)+(K33*$C$33)+(K35*$C$35)+(K36*$C$36)+(K37*$C$37)+(K38*$C$38)+(K39*$C$39)+(K40*$C$40)+(K41*$C$41)+(K42*$C$42) -> 7685.9871
A47: FSE - Custos Variáveis | F47: =(F13*$D$13)+(F15*$D$15)+(F16*$D$16)+(F17*$D$17)+(F18*$D$18)+(F19*$D$19)+(F20*$D$20)+(F22*$D$22)+(F23*$D$23)+(F24*$D$24)+(F25*$D$25)+(F27*$D$27)+(F28*$D$28)+(F29*$D$29)+(F31*$D$31)+(F32*$D$32)+(F33*$D$33)+(F35*$D$35)+(F36*$D$36)+(F37*$D$37)+(F38*$D$38)+(F39*$D$39)+(F40*$D$40)+(F41*$D$41)+(F42*$D$42) -> 0 | G47: =(G13*$D$13)+(G15*$D$15)+(G16*$D$16)+(G17*$D$17)+(G18*$D$18)+(G19*$D$19)+(G20*$D$20)+(G22*$D$22)+(G23*$D$23)+(G24*$D$24)+(G25*$D$25)+(G27*$D$27)+(G28*$D$28)+(G29*$D$29)+(G31*$D$31)+(G32*$D$32)+(G33*$D$33)+(G35*$D$35)+(G36*$D$36)+(G37*$D$37)+(G38*$D$38)+(G39*$D$39)+(G40*$D$40)+(G41*$D$41)+(G42*$D$42) -> 0 | H47: =(H13*$D$13)+(H15*$D$15)+(H16*$D$16)+(H17*$D$17)+(H18*$D$18)+(H19*$D$19)+(H20*$D$20)+(H22*$D$22)+(H23*$D$23)+(H24*$D$24)+(H25*$D$25)+(H27*$D$27)+(H28*$D$28)+(H29*$D$29)+(H31*$D$31)+(H32*$D$32)+(H33*$D$33)+(H35*$D$35)+(H36*$D$36)+(H37*$D$37)+(H38*$D$38)+(H39*$D$39)+(H40*$D$40)+(H41*$D$41)+(H42*$D$42) -> 0 | I47: =(I13*$D$13)+(I15*$D$15)+(I16*$D$16)+(I17*$D$17)+(I18*$D$18)+(I19*$D$19)+(I20*$D$20)+(I22*$D$22)+(I23*$D$23)+(I24*$D$24)+(I25*$D$25)+(I27*$D$27)+(I28*$D$28)+(I29*$D$29)+(I31*$D$31)+(I32*$D$32)+(I33*$D$33)+(I35*$D$35)+(I36*$D$36)+(I37*$D$37)+(I38*$D$38)+(I39*$D$39)+(I40*$D$40)+(I41*$D$41)+(I42*$D$42) -> 0 | J47: =(J13*$D$13)+(J15*$D$15)+(J16*$D$16)+(J17*$D$17)+(J18*$D$18)+(J19*$D$19)+(J20*$D$20)+(J22*$D$22)+(J23*$D$23)+(J24*$D$24)+(J25*$D$25)+(J27*$D$27)+(J28*$D$28)+(J29*$D$29)+(J31*$D$31)+(J32*$D$32)+(J33*$D$33)+(J35*$D$35)+(J36*$D$36)+(J37*$D$37)+(J38*$D$38)+(J39*$D$39)+(J40*$D$40)+(J41*$D$41)+(J42*$D$42) -> 0 | K47: =(K13*$D$13)+(K15*$D$15)+(K16*$D$16)+(K17*$D$17)+(K18*$D$18)+(K19*$D$19)+(K20*$D$20)+(K22*$D$22)+(K23*$D$23)+(K24*$D$24)+(K25*$D$25)+(K27*$D$27)+(K28*$D$28)+(K29*$D$29)+(K31*$D$31)+(K32*$D$32)+(K33*$D$33)+(K35*$D$35)+(K36*$D$36)+(K37*$D$37)+(K38*$D$38)+(K39*$D$39)+(K40*$D$40)+(K41*$D$41)+(K42*$D$42) -> 0
A49: TOTAL FSE | F49: =F45+F47 -> 2210 | G49: =G45+G47 -> 6828.9 | H49: =H45+H47 -> 7033.767 | I49: =I45+I47 -> 7244.78 | J49: =J45+J47 -> 7462.1234 | K49: =K45+K47 -> 7685.9871
A51: IVA | F51: =(F13*$B$13)+(F15*$B$15)+(F16*$B$16)+(F17*$B$17)+(F18*$B$18)+(F19*$B$19)+(F20*$B$20)+(F22*$B$22)+(F23*$B$23)+(F24*$B$24)+(F25*$B$25)+(F27*$B$27)+(F29*$B$29)+(F36*$B$36)+(F41*$B$41) -> 190.9 | G51: =(G13*$B$13)+(G15*$B$15)+(G16*$B$16)+(G17*$B$17)+(G18*$B$18)+(G19*$B$19)+(G20*$B$20)+(G22*$B$22)+(G23*$B$23)+(G24*$B$24)+(G25*$B$25)+(G27*$B$27)+(G29*$B$29)+(G36*$B$36)+(G41*$B$41) -> 589.881 | H51: =(H13*$B$13)+(H15*$B$15)+(H16*$B$16)+(H17*$B$17)+(H18*$B$18)+(H19*$B$19)+(H20*$B$20)+(H22*$B$22)+(H23*$B$23)+(H24*$B$24)+(H25*$B$25)+(H27*$B$27)+(H29*$B$29)+(H36*$B$36)+(H41*$B$41) -> 607.57743 | I51: =(I13*$B$13)+(I15*$B$15)+(I16*$B$16)+(I17*$B$17)+(I18*$B$18)+(I19*$B$19)+(I20*$B$20)+(I22*$B$22)+(I23*$B$23)+(I24*$B$24)+(I25*$B$25)+(I27*$B$27)+(I29*$B$29)+(I36*$B$36)+(I41*$B$41) -> 625.80475 | J51: =(J13*$B$13)+(J15*$B$15)+(J16*$B$16)+(J17*$B$17)+(J18*$B$18)+(J19*$B$19)+(J20*$B$20)+(J22*$B$22)+(J23*$B$23)+(J24*$B$24)+(J25*$B$25)+(J27*$B$27)+(J29*$B$29)+(J36*$B$36)+(J41*$B$41) -> 644.5789 | K51: =(K13*$B$13)+(K15*$B$15)+(K16*$B$16)+(K17*$B$17)+(K18*$B$18)+(K19*$B$19)+(K20*$B$20)+(K22*$B$22)+(K23*$B$23)+(K24*$B$24)+(K25*$B$25)+(K27*$B$27)+(K29*$B$29)+(K36*$B$36)+(K41*$B$41) -> 663.91626
A53: FSE + IVA | F53: =F43+F51 -> 2400.9 | G53: =G43+G51 -> 7418.781 | H53: =H43+H51 -> 7641.3444 | I53: =I43+I51 -> 7870.5848 | J53: =J43+J51 -> 8106.7023 | K53: =K43+K51 -> 8349.9034

Sheet Gastos com Pessoal
H1: ='VN'!G1 -> Empresa: | I1: ='Pressupostos'!E1 -> Dissolve, Lda
I2: ='Pressupostos'!B9 -> Euros
A4: Gastos com o Pessoal
D6: ='VN'!C8 -> 2015 | E6: ='VN'!D8 -> 2016 | F6: ='VN'!E8 -> 2017 | G6: ='VN'!F8 -> 2018 | H6: ='VN'!G8 -> 2019 | I6: ='VN'!H8 -> 2020
A7: Nº Meses | D7: 4 | E7: 14 | F7: 14 | G7: =F7 -> 14 | H7: =G7 -> 14 | I7: =H7 -> 14
A8: Incremento Anual (Vencimentos + Sub. Almoço) | D8: 0 | E8: 0 | F8: 0.714 | G8: 0 | H8: 0 | I8: 0
A11: Quadro de Pessoal | D11: =D6 -> 2015 | E11: =E6 -> 2016 | F11: =F6 -> 2017 | G11: =G6 -> 2018 | H11: =H6 -> 2019 | I11: =I6 -> 2020
A12: Administração / Direcção | D12: 1 | E12: 1 | F12: 1 | G12: 1 | H12: 1 | I12: 1
A13: Administrativa Financeira
A14: Comercial / Marketing
A15: Produção / Operacional
A16: Qualidade
A17: Manutenção
A18: Aprovisionamento
A19: Investigação & Desenvolvimento
A20: Outros
A23: TOTAL | D23: =SUM(D12:D22) -> 1 | E23: =SUM(E12:E22) -> 1 | F23: =SUM(F12:F22) -> 1 | G23: =SUM(G12:G22) -> 1 | H23: =SUM(H12:H22) -> 1 | I23: =SUM(I12:I22) -> 1
A26: Remuneração base mensal | D26: =D11 -> 2015 | E26: =E11 -> 2016 | F26: =F11 -> 2017 | G26: =G11 -> 2018 | H26: =H11 -> 2019 | I26: =I11 -> 2020
A27: =A12 -> Administração / Direcção | D27: 700 | E27: =ROUND(D27*(1+$E$8),2) -> 700 | F27: =ROUND(E27*(1+F8),2) -> 1199.8 | G27: =ROUND(F27*(1+G8),2) -> 1199.8 | H27: =ROUND(G27*(1+H8),2) -> 1199.8 | I27: =ROUND(H27*(1+I8),2) -> 1199.8
A28: =A13 -> Administrativa Financeira | E28: =ROUND(D28*(1+E8),2) -> 0 | F28: =ROUND(E28*(1+F8),2) -> 0 | G28: =ROUND(F28*(1+G8),2) -> 0 | H28: =ROUND(G28*(1+H8),2) -> 0 | I28: =ROUND(H28*(1+I8),2) -> 0
A29: =A14 -> Comercial / Marketing | E29: =ROUND(D29*(1+E8),2) -> 0 | F29: =ROUND(E29*(1+F8),2) -> 0 | G29: =ROUND(F29*(1+G8),2) -> 0 | H29: =ROUND(G29*(1+H8),2) -> 0 | I29: =ROUND(H29*(1+I8),2) -> 0
A30: =A15 -> Produção / Operacional | D30: 0 | E30: =ROUND(D30*(1+E8),2) -> 0 | F30: =ROUND(E30*(1+F8),2) -> 0 | G30: =ROUND(F30*(1+G8),2) -> 0 | H30: =ROUND(G30*(1+H8),2) -> 0 | I30: =ROUND(H30*(1+I8),2) -> 0
A31: =A16 -> Qualidade | E31: =ROUND(D31*(1+E8),2) -> 0 | F31: =ROUND(E31*(1+F8),2) -> 0 | G31: =ROUND(F31*(1+G8),2) -> 0 | H31: =ROUND(G31*(1+H8),2) -> 0 | I31: =ROUND(H31*(1+I8),2) -> 0
A32: =A17 -> Manutenção | E32: =ROUND(D32*(1+E8),2) -> 0 | F32: =ROUND(E32*(1+F8),2) -> 0 | G32: =ROUND(F32*(1+G8),2) -> 0 | H32: =ROUND(G32*(1+H8),2) -> 0 | I32: =ROUND(H32*(1+I8),2) -> 0
A33: =A18 -> Aprovisionamento | E33: =ROUND(D33*(1+E8),2) -> 0 | F33: =ROUND(E33*(1+F8),2) -> 0 | G33: =ROUND(F33*(1+G8),2) -> 0 | H33: =ROUND(G33*(1+H8),2) -> 0 | I33: =ROUND(H33*(1+I8),2) -> 0
A34: =A19 -> Investigação & Desenvolvimento | E34: =ROUND(D34*(1+E8),2) -> 0 | F34: =ROUND(E34*(1+F8),2) -> 0 | G34: =ROUND(F34*(1+G8),2) -> 0 | H34: =ROUND(G34*(1+H8),2) -> 0 | I34: =ROUND(H34*(1+I8),2) -> 0
A35: =A20 -> Outros | E35: =ROUND(D35*(1+E8),2) -> 0 | F35: =ROUND(E35*(1+F8),2) -> 0 | G35: =ROUND(F35*(1+G8),2) -> 0 | H35: =ROUND(G35*(1+H8),2) -> 0 | I35: =ROUND(H35*(1+I8),2) -> 0
A36: =A21 -> 0 | E36: =ROUND(D36*(1+E8),2) -> 0 | F36: =ROUND(E36*(1+F8),2) -> 0 | G36: =ROUND(F36*(1+G8),2) -> 0 | H36: =ROUND(G36*(1+H8),2) -> 0 | I36: =ROUND(H36*(1+I8),2) -> 0
A37: =A22 -> 0 | E37: =ROUND(D37*(1+E8),2) -> 0 | F37: =ROUND(E37*(1+F8),2) -> 0 | G37: =ROUND(F37*(1+G8),2) -> 0 | H37: =ROUND(G37*(1+H8),2) -> 0 | I37: =ROUND(H37*(1+I8),2) -> 0
A40: Remuneração base anual - TOTAL Colaboradores | D40: =D26 -> 2015 | E40: =E26 -> 2016 | F40: =F26 -> 2017 | G40: =G26 -> 2018 | H40: =H26 -> 2019 | I40: =I26 -> 2020
A41: =A27 -> Administração / Direcção | D41: =D12*D27*D7 -> 2800 | E41: =E12*E27*E7 -> 9800 | F41: =F12*F27*F7 -> 16797.2 | G41: =G12*G27*G7 -> 16797.2 | H41: =H12*H27*H7 -> 16797.2 | I41: =I12*I27*I7 -> 16797.2
A42: =A28 -> Administrativa Financeira | D42: =D13*D28*D7 -> 0 | E42: =E13*E28*E7 -> 0 | F42: =F13*F28*F7 -> 0 | G42: =G13*G28*G7 -> 0 | H42: =H13*H28*H7 -> 0 | I42: =I13*I28*I7 -> 0
A43: =A29 -> Comercial / Marketing | D43: =D14*D29*D7 -> 0 | E43: =E14*E29*E7 -> 0 | F43: =F14*F29*F7 -> 0 | G43: =G14*G29*G7 -> 0 | H43: =H14*H29*H7 -> 0 | I43: =I14*I29*I7 -> 0
A44: =A30 -> Produção / Operacional | D44: =D15*D30*D7 -> 0 | E44: =E15*E30*E7 -> 0 | F44: =F15*F30*F7 -> 0 | G44: =G15*G30*G7 -> 0 | H44: =H15*H30*H7 -> 0 | I44: =I15*I30*I7 -> 0
A45: =A31 -> Qualidade | D45: =D16*D31*D7 -> 0 | E45: =E16*E31*E7 -> 0 | F45: =F16*F31*F7 -> 0 | G45: =G16*G31*G7 -> 0 | H45: =H16*H31*H7 -> 0 | I45: =I16*I31*I7 -> 0
A46: =A32 -> Manutenção | D46: =D17*D32*D7 -> 0 | E46: =E17*E32*E7 -> 0 | F46: =F17*F32*F7 -> 0 | G46: =G17*G32*G7 -> 0 | H46: =H17*H32*H7 -> 0 | I46: =I17*I32*I7 -> 0
A47: =A33 -> Aprovisionamento | D47: =D18*D33*D7 -> 0 | E47: =E18*E33*E7 -> 0 | F47: =F18*F33*F7 -> 0 | G47: =G18*G33*G7 -> 0 | H47: =H18*H33*H7 -> 0 | I47: =I18*I33*I7 -> 0
A48: =A34 -> Investigação & Desenvolvimento | D48: =D19*D34*D7 -> 0 | E48: =E19*E34*E7 -> 0 | F48: =F19*F34*F7 -> 0 | G48: =G19*G34*G7 -> 0 | H48: =H19*H34*H7 -> 0 | I48: =I19*I34*I7 -> 0
A49: =A35 -> Outros | D49: =D20*D35*D7 -> 0 | E49: =E20*E35*E7 -> 0 | F49: =F20*F35*F7 -> 0 | G49: =G20*G35*G7 -> 0 | H49: =H20*H35*H7 -> 0 | I49: =I20*I35*I7 -> 0
A50: =A36 -> 0 | D50: =D21*D36*D7 -> 0 | E50: =E21*E36*E7 -> 0 | F50: =F21*F36*F7 -> 0 | G50: =G21*G36*G7 -> 0 | H50: =H21*H36*H7 -> 0 | I50: =I21*I36*I7 -> 0
A51: =A37 -> 0 | D51: =D22*D37*D7 -> 0 | E51: =E22*E37*E7 -> 0 | F51: =F22*F37*F7 -> 0 | G51: =G22*G37*G7 -> 0 | H51: =H22*H37*H7 -> 0 | I51: =I22*I37*I7 -> 0
A52: TOTAL | D52: =SUM(D41:D51) -> 2800 | E52: =SUM(E41:E51) -> 9800 | F52: =SUM(F41:F51) -> 16797.2 | G52: =SUM(G41:G51) -> 16797.2 | H52: =SUM(H41:H51) -> 16797.2 | I52: =SUM(I41:I51) -> 16797.2
A55: Outros Gastos | D55: =D6 -> 2015 | E55: =E6 -> 2016 | F55: =F6 -> 2017 | G55: =G6 -> 2018 | H55: =H6 -> 2019 | I55: =I6 -> 2020
A56: Segurança Social
A57: Órgãos Sociais | C57: ='Pressupostos'!B23 -> 0.2375 | D57: =$C$57*(D41+D62) -> 665 | E57: =$C$57*(E41+E62) -> 3040 | F57: =$C$57*(F41+F62) -> 3989.335 | G57: =$C$57*(G41+G62) -> 3989.335 | H57: =$C$57*(H41+H62) -> 3989.335 | I57: =$C$57*(I41+I62) -> 3989.335
A58: Pessoal | C58: ='Pressupostos'!B24 -> 0.2375 | D58: =$C$58*(SUM(D42:D51)+D63) -> 0 | E58: =$C$58*(SUM(E42:E51)+E63) -> 0 | F58: =$C$58*(SUM(F42:F51)+F63) -> 0 | G58: =$C$58*(SUM(G42:G51)+G63) -> 0 | H58: =$C$58*(SUM(H42:H51)+H63) -> 0 | I58: =$C$58*(SUM(I42:I51)+I63) -> 0
A59: Seguros Acidentes de Trabalho | C59: 0.01 | D59: =$C$59*D52 -> 28 | E59: =$C$59*E52 -> 98 | F59: =$C$59*F52 -> 167.972 | G59: =$C$59*G52 -> 167.972 | H59: =$C$59*H52 -> 167.972 | I59: =$C$59*I52 -> 167.972
A60: Subsídio Alimentação | C60: =6.87*22 -> 151.14 | D60: =$C$60*4*D23 -> 604.56 | E60: =C60*(1+E8)*11*E23 -> 1662.54 | F60: =C60*(1+E8)*(1+F8)*11*F23 -> 2849.5936 | G60: =C60*(1+E8)*(1+F8)*(1+G8)*11*G23 -> 2849.5936 | H60: =C60*(1+E8)*(1+F8)*(1+G8)*(1+H8)*11*H23 -> 2849.5936 | I60: =C60*(1+E8)*(1+F8)*(1+G8)*(1+H8)*(1+I8)*11*I23 -> 2849.5936
A61: Comissões & Prémios
A62: Órgãos Sociais | E62: 3000
A63: Pessoal
A64: Formação
A65: Outros custos com pessoal
A66: TOTAL OUTROS GASTOS | D66: =SUM(D57:D65) -> 1297.56 | E66: =SUM(E57:E65) -> 7800.54 | F66: =SUM(F57:F65) -> 7006.9006 | G66: =SUM(G57:G65) -> 7006.9006 | H66: =SUM(H57:H65) -> 7006.9006 | I66: =SUM(I57:I65) -> 7006.9006
A68: TOTAL GASTOS COM PESSOAL | D68: =D52+D66 -> 4097.56 | E68: =E52+E66 -> 17600.54 | F68: =F52+F66 -> 23804.101 | G68: =G52+G66 -> 23804.101 | H68: =H52+H66 -> 23804.101 | I68: =I52+I66 -> 23804.101
A71: QUADRO RESUMO | D71: =D6 -> 2015 | E71: =E6 -> 2016 | F71: =F6 -> 2017 | G71: =G6 -> 2018 | H71: =H6 -> 2019 | I71: =I6 -> 2020
A72: Remunerações
A73: Órgãos Sociais | D73: =D41+D62 -> 2800 | E73: =E41+E62 -> 12800 | F73: =F41+F62 -> 16797.2 | G73: =G41+G62 -> 16797.2 | H73: =H41+H62 -> 16797.2 | I73: =I41+I62 -> 16797.2
A74: Pessoal | D74: =SUM(D42:D51)+D63 -> 0 | E74: =SUM(E42:E51)+E63 -> 0 | F74: =SUM(F42:F51)+F63 -> 0 | G74: =SUM(G42:G51)+G63 -> 0 | H74: =SUM(H42:H51)+H63 -> 0 | I74: =SUM(I42:I51)+I63 -> 0
A75: Encargos sobre remunerações | D75: =D57+D58 -> 665 | E75: =E57+E58 -> 3040 | F75: =F57+F58 -> 3989.335 | G75: =G57+G58 -> 3989.335 | H75: =H57+H58 -> 3989.335 | I75: =I57+I58 -> 3989.335
A76: Seguros Acidentes de Trabalho e doenças profissionais | D76: =D59 -> 28 | E76: =E59 -> 98 | F76: =F59 -> 167.972 | G76: =G59 -> 167.972 | H76: =H59 -> 167.972 | I76: =I59 -> 167.972
A77: Gastos de acção social | D77: =D60 -> 604.56 | E77: =E60 -> 1662.54 | F77: =F60 -> 2849.5936 | G77: =G60 -> 2849.5936 | H77: =H60 -> 2849.5936 | I77: =I60 -> 2849.5936
A78: Outros gastos com pessoal | D78: =D64+D65 -> 0 | E78: =E64+E65 -> 0 | F78: =F64+F65 -> 0 | G78: =G64+G65 -> 0 | H78: =H64+H65 -> 0 | I78: =I64+I65 -> 0
A79: TOTAL GASTOS COM PESSOAL | D79: =SUM(D73:D78) -> 4097.56 | E79: =SUM(E73:E78) -> 17600.54 | F79: =SUM(F73:F78) -> 23804.101 | G79: =SUM(G73:G78) -> 23804.101 | H79: =SUM(H73:H78) -> 23804.101 | I79: =SUM(I73:I78) -> 23804.101
A82: Retenções Colaboradores | D82: =D71 -> 2015 | E82: =E71 -> 2016 | F82: =F71 -> 2017 | G82: =G71 -> 2018 | H82: =H71 -> 2019 | I82: =I71 -> 2020
A83: Retenção SS Colaborador
A84: Gerência / Administração | C84: ='Pressupostos'!B25 -> 0.11 | D84: =$C$84*D73 -> 308 | E84: =$C$84*E73 -> 1408 | F84: =$C$84*F73 -> 1847.692 | G84: =$C$84*G73 -> 1847.692 | H84: =$C$84*H73 -> 1847.692 | I84: =$C$84*I73 -> 1847.692
A85: Outro Pessoal | C85: ='Pressupostos'!B26 -> 0.11 | D85: =$C$85*D74 -> 0 | E85: =$C$85*E74 -> 0 | F85: =$C$85*F74 -> 0 | G85: =$C$85*G74 -> 0 | H85: =$C$85*H74 -> 0 | I85: =$C$85*I74 -> 0
A86: Retenção IRS Colaborador | C86: ='Pressupostos'!B27 -> 0.145 | D86: =$C$86*(D73+D74) -> 406 | E86: =$C$86*(E73+E74) -> 1856 | F86: =$C$86*(F73+F74) -> 2435.594 | G86: =$C$86*(G73+G74) -> 2435.594 | H86: =$C$86*(H73+H74) -> 2435.594 | I86: =$C$86*(I73+I74) -> 2435.594
A87: TOTAL Retenções | D87: =SUM(D84:D86) -> 714 | E87: =SUM(E84:E86) -> 3264 | F87: =SUM(F84:F86) -> 4283.286 | G87: =SUM(G84:G86) -> 4283.286 | H87: =SUM(H84:H86) -> 4283.286 | I87: =SUM(I84:I86) -> 4283.286

Sheet FundoManeio
G1: Empresa: | H1: ='Pressupostos'!E1 -> Dissolve, Lda
H2: ='Pressupostos'!B9 -> Euros
A4: Investimento em Fundo Maneio Necessário
C7: ='VN'!C8 -> 2015 | D7: ='VN'!D8 -> 2016 | E7: ='VN'!E8 -> 2017 | F7: ='VN'!F8 -> 2018 | G7: ='VN'!G8 -> 2019 | H7: ='VN'!H8 -> 2020
A8: Necessidades Fundo Maneio
A9: Reserva Segurança Tesouraria | D9: =C9 -> 0 | E9: =D9 -> 0 | F9: =E9 -> 0 | G9: =F9 -> 0 | H9: =G9 -> 0
A10: Clientes | C10: ='VN'!C84*'Pressupostos'!$C$13/12 -> 853.825 | D10: ='VN'!D84*'Pressupostos'!$C$13/12 -> 3550.0921 | E10: ='VN'!E84*'Pressupostos'!$C$13/12 -> 4618.147 | F10: ='VN'!F84*'Pressupostos'!$C$13/12 -> 4962.0205 | G10: ='VN'!G84*'Pressupostos'!$C$13/12 -> 4962.0205 | H10: ='VN'!H84*'Pressupostos'!$C$13/12 -> 4962.0205
A11: Inventários | C11: ='CMVMC'!C16*'Pressupostos'!$C$15/12 -> 0 | D11: ='CMVMC'!D16*'Pressupostos'!$C$15/12 -> 0 | E11: ='CMVMC'!E16*'Pressupostos'!$C$15/12 -> 0 | F11: ='CMVMC'!F16*'Pressupostos'!$C$15/12 -> 0 | G11: ='CMVMC'!G16*'Pressupostos'!$C$15/12 -> 0 | H11: ='CMVMC'!H16*'Pressupostos'!$C$15/12 -> 0
A12: Estado | C12: =IF(C29<0,-C29,0) -> 0 | D12: =IF(D29<0,-D29,0) -> 0 | E12: =IF(E29<0,-E29,0) -> 0 | F12: =IF(F29<0,-F29,0) -> 0 | G12: =IF(G29<0,-G29,0) -> 0 | H12: =IF(H29<0,-H29,0) -> 0
A13: *
A14: *
A15: TOTAL | C15: =SUM(C9:C14) -> 853.825 | D15: =SUM(D9:D14) -> 3550.0921 | E15: =SUM(E9:E14) -> 4618.147 | F15: =SUM(F9:F14) -> 4962.0205 | G15: =SUM(G9:G14) -> 4962.0205 | H15: =SUM(H9:H14) -> 4962.0205
A16: Recursos Fundo Maneio
A17: Fornecedores | C17: =('CMVMC'!C20+'FSE'!F53)*'Pressupostos'!$C$14/12 -> 200.075 | D17: =('CMVMC'!D20+'FSE'!G53)*'Pressupostos'!$C$14/12 -> 618.23175 | E17: =('CMVMC'!E20+'FSE'!H53)*'Pressupostos'!$C$14/12 -> 636.7787 | F17: =('CMVMC'!F20+'FSE'!I53)*'Pressupostos'!$C$14/12 -> 655.88206 | G17: =('CMVMC'!G20+'FSE'!J53)*'Pressupostos'!$C$14/12 -> 675.55853 | H17: =('CMVMC'!H20+'FSE'!K53)*'Pressupostos'!$C$14/12 -> 695.82528
A18: Estado | C18: =IF(C29>0,C29,0) -> 38.971325 | D18: =IF(D29>0,D29,0) -> 2254.3782 | E18: =IF(E29>0,E29,0) -> 3013.1586 | F18: =IF(F29>0,F29,0) -> 3201.5064 | G18: =IF(G29>0,G29,0) -> 3196.8128 | H18: =IF(H29>0,H29,0) -> 3191.9785
A19: *
A20: TOTAL | C20: =SUM(C17:C19) -> 239.04632 | D20: =SUM(D17:D19) -> 2872.6099 | E20: =SUM(E17:E19) -> 3649.9373 | F20: =SUM(F17:F19) -> 3857.3884 | G20: =SUM(G17:G19) -> 3872.3714 | H20: =SUM(H17:H19) -> 3887.8038
A22: Fundo Maneio Necessário | C22: =C15-C20 -> 614.77867 | D22: =D15-D20 -> 677.48219 | E22: =E15-E20 -> 968.20974 | F22: =F15-F20 -> 1104.6321 | G22: =G15-G20 -> 1089.6491 | H22: =H15-H20 -> 1074.2167
A24: Investimento em Fundo de Maneio | C24: =C22 -> 614.77867 | D24: =D22-C22 -> 62.703517 | E24: =E22-D22 -> 290.72755 | F24: =F22-E22 -> 136.42233 | G24: =G22-F22 -> -14.982926 | H24: =H22-G22 -> -15.432414
A26: * A considerar caso seja necessário
A29: ESTADO | C29: =SUM(C30:C32) -> 38.971325 | D29: =SUM(D30:D32) -> 2254.3782 | E29: =SUM(E30:E32) -> 3013.1586 | F29: =SUM(F30:F32) -> 3201.5064 | G29: =SUM(G30:G32) -> 3196.8128 | H29: =SUM(H30:H32) -> 3191.9785
A30: SS | C30: =('Gastos com Pessoal'!D84+'Gastos com Pessoal'!D85+'Gastos com Pessoal'!D57+'Gastos com Pessoal'!D58)/'FSE'!F8 -> 243.25 | D30: =('Gastos com Pessoal'!E84+'Gastos com Pessoal'!E85+'Gastos com Pessoal'!E57+'Gastos com Pessoal'!E58)/'FSE'!G8 -> 370.66667 | E30: =('Gastos com Pessoal'!F84+'Gastos com Pessoal'!F85+'Gastos com Pessoal'!F57+'Gastos com Pessoal'!F58)/'FSE'!H8 -> 486.41892 | F30: =('Gastos com Pessoal'!G84+'Gastos com Pessoal'!G85+'Gastos com Pessoal'!G57+'Gastos com Pessoal'!G58)/'FSE'!I8 -> 486.41892 | G30: =('Gastos com Pessoal'!H84+'Gastos com Pessoal'!H85+'Gastos com Pessoal'!H57+'Gastos com Pessoal'!H58)/'FSE'!J8 -> 486.41892 | H30: =('Gastos com Pessoal'!I84+'Gastos com Pessoal'!I85+'Gastos com Pessoal'!I57+'Gastos com Pessoal'!I58)/'FSE'!K8 -> 486.41892
A31: IRS | C31: ='Gastos com Pessoal'!D86/'FSE'!F8 -> 101.5 | D31: ='Gastos com Pessoal'!E86/'FSE'!G8 -> 154.66667 | E31: ='Gastos com Pessoal'!F86/'FSE'!H8 -> 202.96617 | F31: ='Gastos com Pessoal'!G86/'FSE'!I8 -> 202.96617 | G31: ='Gastos com Pessoal'!H86/'FSE'!J8 -> 202.96617 | H31: ='Gastos com Pessoal'!I86/'FSE'!K8 -> 202.96617
A32: IVA | C32: =('VN'!C82-'CMVMC'!C18-'FSE'!F51-'Investimento'!C31)/4 -> -305.77868 | D32: =('VN'!D82-'CMVMC'!D18-'FSE'!G51-'Investimento'!D31)/4 -> 1729.0448 | E32: =('VN'!E82-'CMVMC'!E18-'FSE'!H51-'Investimento'!E31)/4 -> 2323.7735 | F32: =('VN'!F82-'CMVMC'!F18-'FSE'!I51-'Investimento'!F31)/4 -> 2512.1213 | G32: =('VN'!G82-'CMVMC'!G18-'FSE'!J51-'Investimento'!G31)/4 -> 2507.4278 | H32: =('VN'!H82-'CMVMC'!H18-'FSE'!K51-'Investimento'!H31)/4 -> 2502.5934

Sheet Investimento
G1: Empresa: | H1: ='Pressupostos'!E1 -> Dissolve, Lda
H2: ='Pressupostos'!B9 -> Euros
A4: Investimento
A7: Investimento por ano | C7: ='VN'!C8 -> 2015 | D7: ='VN'!D8 -> 2016 | E7: ='VN'!E8 -> 2017 | F7: ='VN'!F8 -> 2018 | G7: ='VN'!G8 -> 2019 | H7: ='VN'!H8 -> 2020
A8: Propriedades de investimento
A9: Terrenos e recursos naturais
A10: Edificios e Outras construções
A11: Outras propriedades de investimento
A12: Total propriedades de investimento | C12: =SUM(C9:C11) -> 0 | D12: =SUM(D9:D11) -> 0 | E12: =SUM(E9:E11) -> 0 | F12: =SUM(F9:F11) -> 0 | G12: =SUM(G9:G11) -> 0 | H12: =SUM(H9:H11) -> 0
A13: Activos fixos tangíveis
A14: Terrenos e Recursos Naturais
A15: Edificios e Outras Construções
A16: Equipamento Básico | C16: 12817.89 | D16: 2000 | E16: 2000 | F16: 2000 | G16: 2000 | H16: 2000
A17: Equipamento de Transporte
A18: Equipamento Administrativo
A19: Equipamentos biológicos
A20: Outros activos fixos tangiveis
A21: Total Activos Fixos Tangíveis | C21: =SUM(C14:C20) -> 12817.89 | D21: =SUM(D14:D20) -> 2000 | E21: =SUM(E14:E20) -> 2000 | F21: =SUM(F14:F20) -> 2000 | G21: =SUM(G14:G20) -> 2000 | H21: =SUM(H14:H20) -> 2000
A22: Activos Intangíveis
A23: Goodwill
A24: Projectos de desenvolvimento
A25: Programas de computador
A26: Propriedade industrial
A27: Outros activos intangíveis
A28: Total Activos Intangíveis | C28: =SUM(C23:C27) -> 0 | D28: =SUM(D23:D27) -> 0 | E28: =SUM(E23:E27) -> 0 | F28: =SUM(F23:F27) -> 0 | G28: =SUM(G23:G27) -> 0 | H28: =SUM(H23:H27) -> 0
A29: Total Investimento | C29: =C12+C21+C28 -> 12817.89 | D29: =D12+D21+D28 -> 2000 | E29: =E12+E21+E28 -> 2000 | F29: =F12+F21+F28 -> 2000 | G29: =G12+G21+G28 -> 2000 | H29: =H12+H21+H28 -> 2000
A31: IVA | B31: ='Pressupostos'!B21 -> 0.23 | C31: =$B$31*(C16+C18+C20) -> 2948.1147 | D31: =$B$31*(D16+D18+D20) -> 460 | E31: =$B$31*(E16+E18+E20) -> 460 | F31: =$B$31*(F16+F18+F20) -> 460 | G31: =$B$31*(G16+G18+G20) -> 460 | H31: =$B$31*(H16+H18+H20) -> 460
A33: Valores Acumulados | C33: =C7 -> 2015 | D33: =D7 -> 2016 | E33: =E7 -> 2017 | F33: =F7 -> 2018 | G33: =G7 -> 2019 | H33: =H7 -> 2020
A34: Propriedades de investimento
A35: Terrenos e recursos naturais | C35: =C9 -> 0 | D35: =C35+D9 -> 0 | E35: =D35+E9 -> 0 | F35: =E35+F9 -> 0 | G35: =F35+G9 -> 0 | H35: =G35+H9 -> 0
A36: Edificios e Outras construções | C36: =C10 -> 0 | D36: =C36+D10 -> 0 | E36: =D36+E10 -> 0 | F36: =E36+F10 -> 0 | G36: =F36+G10 -> 0 | H36: =G36+H10 -> 0
A37: Outras propriedades de investimento | C37: =C11 -> 0 | D37: =C37+D11 -> 0 | E37: =D37+E11 -> 0 | F37: =E37+F11 -> 0 | G37: =F37+G11 -> 0 | H37: =G37+H11 -> 0
A38: Total propriedades de investimento | C38: =SUM(C35:C37) -> 0 | D38: =SUM(D35:D37) -> 0 | E38: =SUM(E35:E37) -> 0 | F38: =SUM(F35:F37) -> 0 | G38: =SUM(G35:G37) -> 0 | H38: =SUM(H35:H37) -> 0
A39: Activos fixos tangíveis
A40: Terrenos e Recursos Naturais | C40: =C14 -> 0 | D40: =C40+D14 -> 0 | E40: =D40+E14 -> 0 | F40: =E40+F14 -> 0 | G40: =F40+G14 -> 0 | H40: =G40+H14 -> 0
A41: Edificios e Outras Construções | C41: =C15 -> 0 | D41: =C41+D15 -> 0 | E41: =D41+E15 -> 0 | F41: =E41+F15 -> 0 | G41: =F41+G15 -> 0 | H41: =G41+H15 -> 0
A42: Equipamento Básico | C42: =C16 -> 12817.89 | D42: =C42+D16 -> 14817.89 | E42: =D42+E16 -> 16817.89 | F42: =E42+F16 -> 18817.89 | G42: =F42+G16 -> 20817.89 | H42: =G42+H16 -> 22817.89
A43: Equipamento de Transporte | C43: =C17 -> 0 | D43: =C43+D17 -> 0 | E43: =D43+E17 -> 0 | F43: =E43+F17 -> 0 | G43: =F43+G17 -> 0 | H43: =G43+H17 -> 0
A44: Equipamento Administrativo | C44: =C18 -> 0 | D44: =C44+D18 -> 0 | E44: =D44+E18 -> 0 | F44: =E44+F18 -> 0 | G44: =F44+G18 -> 0 | H44: =G44+H18 -> 0
A45: Equipamentos biológicos | C45: =C19 -> 0 | D45: =C45+D19 -> 0 | E45: =D45+E19 -> 0 | F45: =E45+F19 -> 0 | G45: =F45+G19 -> 0 | H45: =G45+H19 -> 0
A46: Outros activos fixos tangiveis | C46: =C20 -> 0 | D46: =C46+D20 -> 0 | E46: =D46+E20 -> 0 | F46: =E46+F20 -> 0 | G46: =F46+G20 -> 0 | H46: =G46+H20 -> 0
A47: Total Activos Fixos Tangíveis | C47: =SUM(C40:C46) -> 12817.89 | D47: =SUM(D40:D46) -> 14817.89 | E47: =SUM(E40:E46) -> 16817.89 | F47: =SUM(F40:F46) -> 18817.89 | G47: =SUM(G40:G46) -> 20817.89 | H47: =SUM(H40:H46) -> 22817.89
A48: Activos Intangíveis
A49: Goodwill | C49: =C23 -> 0 | D49: =C49+D23 -> 0 | E49: =D49+E23 -> 0 | F49: =E49+F23 -> 0 | G49: =F49+G23 -> 0 | H49: =G49+H23 -> 0
A50: Projectos de desenvolvimento | C50: =C24 -> 0 | D50: =C50+D24 -> 0 | E50: =D50+E24 -> 0 | F50: =E50+F24 -> 0 | G50: =F50+G24 -> 0 | H50: =G50+H24 -> 0
A51: Programas de computador | C51: =C25 -> 0 | D51: =C51+D25 -> 0 | E51: =D51+E25 -> 0 | F51: =E51+F25 -> 0 | G51: =F51+G25 -> 0 | H51: =G51+H25 -> 0
A52: Propriedade industrial | C52: =C26 -> 0 | D52: =C52+D26 -> 0 | E52: =D52+E26 -> 0 | F52: =E52+F26 -> 0 | G52: =F52+G26 -> 0 | H52: =G52+H26 -> 0
A53: Outros activos intangíveis | C53: =C27 -> 0 | D53: =C53+D27 -> 0 | E53: =D53+E27 -> 0 | F53: =E53+F27 -> 0 | G53: =F53+G27 -> 0 | H53: =G53+H27 -> 0
A54: Total Activos Intangíveis | C54: =SUM(C49:C53) -> 0 | D54: =SUM(D49:D53) -> 0 | E54: =SUM(E49:E53) -> 0 | F54: =SUM(F49:F53) -> 0 | G54: =SUM(G49:G53) -> 0 | H54: =SUM(H49:H53) -> 0
A55: Total | C55: =C38+C47+C54 -> 12817.89 | D55: =D38+D47+D54 -> 14817.89 | E55: =E38+E47+E54 -> 16817.89 | F55: =F38+F47+F54 -> 18817.89 | G55: =G38+G47+G54 -> 20817.89 | H55: =H38+H47+H54 -> 22817.89
A58: Taxas de Depreciações e amortizações
A59: Propriedades de investimento
A60: Edificios e Outras construções | C60: 0.02
A61: Outras propriedades de investimento | C61: 0.1
A62: Activos fixos tangíveis
A63: Edificios e Outras Construções | C63: 0.02
A64: Equipamento Básico | C64: 0.2
A65: Equipamento de Transporte | C65: 0.25
A66: Equipamento Administrativo | C66: 0.25
A67: Equipamentos biológicos | C67: 0.25
A68: Outros activos fixos tangiveis | C68: 0.25
A69: Activos Intangíveis
A70: Projectos de desenvolvimento | C70: 0.33333 | D70: * nota: se a taxa a utilizar for 33,33%, colocar mais uma casa decimal, considerando 33,333%
A71: Programas de computador | C71: =100%/3 -> 0.33333333
A72: Propriedade industrial | C72: =100%/3 -> 0.33333333
A73: Outros activos intangíveis | C73: =100%/3 -> 0.33333333
A75: Depreciações e amortizações | C75: =C7 -> 2015 | D75: =C75+1 -> 2016 | E75: =D75+1 -> 2017 | F75: =E75+1 -> 2018 | G75: =F75+1 -> 2019 | H75: =G75+1 -> 2020
A76: Propriedades de investimento
A77: Edificios e Outras construções | B77: =C60 -> 0.02 | C77: =SUM(C78:C83) -> 0 | D77: =SUM(D78:D83) -> 0 | E77: =SUM(E78:E83) -> 0 | F77: =SUM(F78:F83) -> 0 | G77: =SUM(G78:G83) -> 0 | H77: =SUM(H78:H83) -> 0
A78: =C75 -> 2015 | C78: =IF(C$10<0,0,C$10*$B$77) -> 0 | D78: =IF(C78=0,0,IF(ROUNDUP(SUM($C78:C78),0)<$C$10,$C$10*$B$77,0)) -> 0 | E78: =IF(D78=0,0,IF(ROUNDUP(SUM($C78:D78),0)<$C$10,$C$10*$B$77,0)) -> 0 | F78: =IF(E78=0,0,IF(ROUNDUP(SUM($C78:E78),0)<$C$10,$C$10*$B$77,0)) -> 0 | G78: =IF(F78=0,0,IF(ROUNDUP(SUM($C78:F78),0)<$C$10,$C$10*$B$77,0)) -> 0 | H78: =IF(G78=0,0,IF(ROUNDUP(SUM($C78:G78),0)<$C$10,$C$10*$B$77,0)) -> 0
A79: =A78+1 -> 2016 | D79: =IF(D$10<0,0,D$10*$B$77) -> 0 | E79: =IF(D79=0,0,IF(ROUNDUP(SUM($D79:D79),0)<$D$10,$D$10*$B$77,0)) -> 0 | F79: =IF(E79=0,0,IF(ROUNDUP(SUM($D79:E79),0)<$D$10,$D$10*$B$77,0)) -> 0 | G79: =IF(F79=0,0,IF(ROUNDUP(SUM($D79:F79),0)<$D$10,$D$10*$B$77,0)) -> 0 | H79: =IF(G79=0,0,IF(ROUNDUP(SUM($D79:G79),0)<$D$10,$D$10*$B$77,0)) -> 0
A80: =A79+1 -> 2017 | E80: =IF(E$10<0,0,E$10*$B$77) -> 0 | F80: =IF(E80=0,0,IF(ROUNDUP(SUM($E80:E80),0)<$E$10,$E$10*$B$77,0)) -> 0 | G80: =IF(F80=0,0,IF(ROUNDUP(SUM($E80:F80),0)<$E$10,$E$10*$B$77,0)) -> 0 | H80: =IF(G80=0,0,IF(ROUNDUP(SUM($E80:G80),0)<$E$10,$E$10*$B$77,0)) -> 0
A81: =A80+1 -> 2018 | F81: =IF(F$10<0,0,F$10*$B$77) -> 0 | G81: =IF(F81=0,0,IF(ROUNDUP(SUM($F81:F81),0)<$F$10,$F$10*$B$77,0)) -> 0 | H81: =IF(G81=0,0,IF(ROUNDUP(SUM($F81:G81),0)<$F$10,$F$10*$B$77,0)) -> 0
A82: =A81+1 -> 2019 | G82: =IF(G$10<0,0,G$10*$B$77) -> 0 | H82: =IF(G82=0,0,IF(ROUNDUP(SUM($G82:G82),0)<$G$10,$G$10*$B$77,0)) -> 0
A83: =A82+1 -> 2020 | H83: =IF(H$10<0,0,H$10*$B$77) -> 0
A84: Outras propriedades de investimento | B84: =C61 -> 0.1 | C84: =SUM(C85:C90) -> 0 | D84: =SUM(D85:D90) -> 0 | E84: =SUM(E85:E90) -> 0 | F84: =SUM(F85:F90) -> 0 | G84: =SUM(G85:G90) -> 0 | H84: =SUM(H85:H90) -> 0
A85: =A78 -> 2015 | C85: =IF(C$11<0,0,C$11*$B$84) -> 0 | D85: =IF(C85=0,0,IF(ROUNDUP(SUM($C85:C85),0)<$C$11,$C$11*$B$84,0)) -> 0 | E85: =IF(D85=0,0,IF(ROUNDUP(SUM($C85:D85),0)<$C$11,$C$11*$B$84,0)) -> 0 | F85: =IF(E85=0,0,IF(ROUNDUP(SUM($C85:E85),0)<$C$11,$C$11*$B$84,0)) -> 0 | G85: =IF(F85=0,0,IF(ROUNDUP(SUM($C85:F85),0)<$C$11,$C$11*$B$84,0)) -> 0 | H85: =IF(G85=0,0,IF(ROUNDUP(SUM($C85:G85),0)<$C$11,$C$11*$B$84,0)) -> 0
A86: =A79 -> 2016 | D86: =IF(D$11<0,0,D$11*$B$84) -> 0 | E86: =IF(D86=0,0,IF(ROUNDUP(SUM($D86:D86),0)<$D$11,$D$11*$B$84,0)) -> 0 | F86: =IF(E86=0,0,IF(ROUNDUP(SUM($D86:E86),0)<$D$11,$D$11*$B$84,0)) -> 0 | G86: =IF(F86=0,0,IF(ROUNDUP(SUM($D86:F86),0)<$D$11,$D$11*$B$84,0)) -> 0 | H86: =IF(G86=0,0,IF(ROUNDUP(SUM($D86:G86),0)<$D$11,$D$11*$B$84,0)) -> 0
A87: =A80 -> 2017 | E87: =IF(E$11<0,0,E$11*$B$84) -> 0 | F87: =IF(E87=0,0,IF(ROUNDUP(SUM($E87:E87),0)<$E$11,$E$11*$B$84,0)) -> 0 | G87: =IF(F87=0,0,IF(ROUNDUP(SUM($E87:F87),0)<$E$11,$E$11*$B$84,0)) -> 0 | H87: =IF(G87=0,0,IF(ROUNDUP(SUM($E87:G87),0)<$E$11,$E$11*$B$84,0)) -> 0
A88: =A81 -> 2018 | F88: =IF(F$11<0,0,F$11*$B$84) -> 0 | G88: =IF(F88=0,0,IF(ROUNDUP(SUM($F88:F88),0)<$F$11,$F$11*$B$84,0)) -> 0 | H88: =IF(G88=0,0,IF(ROUNDUP(SUM($F88:G88),0)<$F$11,$F$11*$B$84,0)) -> 0
A89: =A82 -> 2019 | G89: =IF(G$11<0,0,G$11*$B$84) -> 0 | H89: =IF(G89=0,0,IF(ROUNDUP(SUM($G89:G89),0)<$G$11,$G$11*$B$84,0)) -> 0
A90: =A83 -> 2020 | H90: =IF(H$11<0,0,H$11*$B$84) -> 0
A91: TOTAL | C91: =C77+C84 -> 0 | D91: =D77+D84 -> 0 | E91: =E77+E84 -> 0 | F91: =F77+F84 -> 0 | G91: =G77+G84 -> 0 | H91: =H77+H84 -> 0
A92: Activos fixos tangíveis
A93: Edificios e Outras Construções | B93: =C63 -> 0.02 | C93: =SUM(C94:C99) -> 0 | D93: =SUM(D94:D99) -> 0 | E93: =SUM(E94:E99) -> 0 | F93: =SUM(F94:F99) -> 0 | G93: =SUM(G94:G99) -> 0 | H93: =SUM(H94:H99) -> 0
A94: =A85 -> 2015 | C94: =IF(C$15<0,0,C$15*$B$93) -> 0 | D94: =IF(C94=0,0,IF(ROUNDUP(SUM($C94:C94),0)<$C$15,$C$15*$B$93,0)) -> 0 | E94: =IF(D94=0,0,IF(ROUNDUP(SUM($C94:D94),0)<$C$15,$C$15*$B$93,0)) -> 0 | F94: =IF(E94=0,0,IF(ROUNDUP(SUM($C94:E94),0)<$C$15,$C$15*$B$93,0)) -> 0 | G94: =IF(F94=0,0,IF(ROUNDUP(SUM($C94:F94),0)<$C$15,$C$15*$B$93,0)) -> 0 | H94: =IF(G94=0,0,IF(ROUNDUP(SUM($C94:G94),0)<$C$15,$C$15*$B$93,0)) -> 0
A95: =A86 -> 2016 | D95: =IF(D$15<0,0,D$15*$B$93) -> 0 | E95: =IF(D95=0,0,IF(ROUNDUP(SUM($D95:D95),0)<$D$15,$D$15*$B$93,0)) -> 0 | F95: =IF(E95=0,0,IF(ROUNDUP(SUM($D95:E95),0)<$D$15,$D$15*$B$93,0)) -> 0 | G95: =IF(F95=0,0,IF(ROUNDUP(SUM($D95:F95),0)<$D$15,$D$15*$B$93,0)) -> 0 | H95: =IF(G95=0,0,IF(ROUNDUP(SUM($D95:G95),0)<$D$15,$D$15*$B$93,0)) -> 0
A96: =A87 -> 2017 | E96: =IF(E$15<0,0,E$15*$B$93) -> 0 | F96: =IF(E96=0,0,IF(ROUNDUP(SUM($E96:E96),0)<$E$15,$E$15*$B$93,0)) -> 0 | G96: =IF(F96=0,0,IF(ROUNDUP(SUM($E96:F96),0)<$E$15,$E$15*$B$93,0)) -> 0 | H96: =IF(G96=0,0,IF(ROUNDUP(SUM($E96:G96),0)<$E$15,$E$15*$B$93,0)) -> 0
A97: =A88 -> 2018 | F97: =IF(F$15<0,0,F$15*$B$93) -> 0 | G97: =IF(F97=0,0,IF(ROUNDUP(SUM($F97:F97),0)<$F$15,$F$15*$B$93,0)) -> 0 | H97: =IF(G97=0,0,IF(ROUNDUP(SUM($F97:G97),0)<$F$15,$F$15*$B$93,0)) -> 0
A98: =A89 -> 2019 | G98: =IF(G$15<0,0,G$15*$B$93) -> 0 | H98: =IF(G98=0,0,IF(ROUNDUP(SUM($G98:G98),0)<$G$15,$G$15*$B$93,0)) -> 0
A99: =A90 -> 2020 | H99: =IF(H$15<0,0,H$15*$B$93) -> 0
A100: Equipamento básico | B100: =C64 -> 0.2 | C100: =SUM(C101:C106) -> 2563.578 | D100: =SUM(D101:D106) -> 2963.578 | E100: =SUM(E101:E106) -> 3363.578 | F100: =SUM(F101:F106) -> 3763.578 | G100: =SUM(G101:G106) -> 4163.578 | H100: =SUM(H101:H106) -> 2000
A101: =A94 -> 2015 | C101: =IF(C$16<0,0,C$16*$B$100) -> 2563.578 | D101: =IF(C101=0,0,IF(ROUNDUP(SUM($C101:C101),0)<$C$16,$C$16*$B$100,0)) -> 2563.578 | E101: =IF(D101=0,0,IF(ROUNDUP(SUM($C101:D101),0)<$C$16,$C$16*$B$100,0)) -> 2563.578 | F101: =IF(E101=0,0,IF(ROUNDUP(SUM($C101:E101),0)<$C$16,$C$16*$B$100,0)) -> 2563.578 | G101: =IF(F101=0,0,IF(ROUNDUP(SUM($C101:F101),0)<$C$16,$C$16*$B$100,0)) -> 2563.578 | H101: =IF(G101=0,0,IF(ROUNDUP(SUM($C101:G101),0)<$C$16,$C$16*$B$100,0)) -> 0
A102: =A95 -> 2016 | D102: =IF(D$16<0,0,D$16*$B$100) -> 400 | E102: =IF(D102=0,0,IF(ROUNDUP(SUM($D102:D102),0)<$D$16,$D$16*$B$100,0)) -> 400 | F102: =IF(E102=0,0,IF(ROUNDUP(SUM($D102:E102),0)<$D$16,$D$16*$B$100,0)) -> 400 | G102: =IF(F102=0,0,IF(ROUNDUP(SUM($D102:F102),0)<$D$16,$D$16*$B$100,0)) -> 400 | H102: =IF(G102=0,0,IF(ROUNDUP(SUM($D102:G102),0)<$D$16,$D$16*$B$100,0)) -> 400
A103: =A96 -> 2017 | E103: =IF(E$16<0,0,E$16*$B$100) -> 400 | F103: =IF(E103=0,0,IF(ROUNDUP(SUM($E103:E103),0)<$E$16,$E$16*$B$100,0)) -> 400 | G103: =IF(F103=0,0,IF(ROUNDUP(SUM($E103:F103),0)<$E$16,$E$16*$B$100,0)) -> 400 | H103: =IF(G103=0,0,IF(ROUNDUP(SUM($E103:G103),0)<$E$16,$E$16*$B$100,0)) -> 400
A104: =A97 -> 2018 | F104: =IF(F$16<0,0,F$16*$B$100) -> 400 | G104: =IF(F104=0,0,IF(ROUNDUP(SUM($F104:F104),0)<$F$16,$F$16*$B$100,0)) -> 400 | H104: =IF(G104=0,0,IF(ROUNDUP(SUM($F104:G104),0)<$F$16,$F$16*$B$100,0)) -> 400
A105: =A98 -> 2019 | G105: =IF(G$16<0,0,G$16*$B$100) -> 400 | H105: =IF(G105=0,0,IF(ROUNDUP(SUM($G105:G105),0)<$G$16,$G$16*$B$100,0)) -> 400
A106: =A99 -> 2020 | H106: =IF(H$16<0,0,H$16*$B$100) -> 400
A107: Equipamento de transporte | B107: =C65 -> 0.25 | C107: =SUM(C108:C113) -> 0 | D107: =SUM(D108:D113) -> 0 | E107: =SUM(E108:E113) -> 0 | F107: =SUM(F108:F113) -> 0 | G107: =SUM(G108:G113) -> 0 | H107: =SUM(H108:H113) -> 0
A108: =A101 -> 2015 | C108: =IF(C$17<0,0,C$17*$B$107) -> 0 | D108: =IF(C108=0,0,IF(ROUNDUP(SUM($C108:C108),0)<$C$17,$C$17*$B$107,0)) -> 0 | E108: =IF(D108=0,0,IF(ROUNDUP(SUM($C108:D108),0)<$C$17,$C$17*$B$107,0)) -> 0 | F108: =IF(E108=0,0,IF(ROUNDUP(SUM($C108:E108),0)<$C$17,$C$17*$B$107,0)) -> 0 | G108: =IF(F108=0,0,IF(ROUNDUP(SUM($C108:F108),0)<$C$17,$C$17*$B$107,0)) -> 0 | H108: =IF(G108=0,0,IF(ROUNDUP(SUM($C108:G108),0)<$C$17,$C$17*$B$107,0)) -> 0
...

Sheet Financiamento
G1: Empresa: | H1: ='Pressupostos'!E1 -> Dissolve, Lda
H2: ='Pressupostos'!B9 -> Euros
A4: Financiamento
C7: ='VN'!C8 -> 2015 | D7: ='VN'!D8 -> 2016 | E7: ='VN'!E8 -> 2017 | F7: ='VN'!F8 -> 2018 | G7: ='VN'!G8 -> 2019 | H7: ='VN'!H8 -> 2020
A8: Investimento | C8: ='Investimento'!C29+'FundoManeio'!C24 -> 13432.669 | D8: ='Investimento'!D29+'FundoManeio'!D24 -> 2062.7035 | E8: ='Investimento'!E29+'FundoManeio'!E24 -> 2290.7276 | F8: ='Investimento'!F29+'FundoManeio'!F24 -> 2136.4223 | G8: ='Investimento'!G29+'FundoManeio'!G24 -> 1985.0171 | H8: ='Investimento'!H29+'FundoManeio'!H24 -> 1984.5676
A9: Margem de segurança | C9: 0.02 | D9: 0.02 | E9: 0.02 | F9: 0.02 | G9: 0.02 | H9: 0.02
A10: Necessidades de financiamento | C10: =ROUND(C8*(1+C9),-2) -> 13700 | D10: =ROUND(D8*(1+D9),-2) -> 2100 | E10: =ROUND(E8*(1+E9),-2) -> 2300 | F10: =ROUND(F8*(1+F9),-2) -> 2200 | G10: =ROUND(G8*(1+G9),-2) -> 2000 | H10: =ROUND(H8*(1+H9),-2) -> 2000
A13: Fontes de Financiamento | C13: =C7 -> 2015 | D13: =D7 -> 2016 | E13: =E7 -> 2017 | F13: =F7 -> 2018 | G13: =G7 -> 2019 | H13: =H7 -> 2020
A14: Meios Libertos | C14: =IF('Cash Flow'!C12>0,'Cash Flow'!C12,0) -> 2114.4335 | D14: =IF('Cash Flow'!D12>0,'Cash Flow'!D12,0) -> 8974.4604 | E14: =IF('Cash Flow'!E12>0,'Cash Flow'!E12,0) -> 12372.105 | F14: =IF('Cash Flow'!F12>0,'Cash Flow'!F12,0) -> 15049.501 | G14: =IF('Cash Flow'!G12>0,'Cash Flow'!G12,0) -> 14937.106 | H14: =IF('Cash Flow'!H12>0,'Cash Flow'!H12,0) -> 14383.491
A15: Capital | C15: 500
A16: Outros instrumentos de capital
A17: Empréstimos de Sócios | C17: 5000
A18: Financiamento bancário e outras Inst. Crédito | C18: 0
A19: Subsidios | C19: 10236.42
A20: TOTAL | C20: =SUM(C14:C19) -> 17850.853 | D20: =SUM(D14:D19) -> 8974.4604 | E20: =SUM(E14:E19) -> 12372.105 | F20: =SUM(F14:F19) -> 15049.501 | G20: =SUM(G14:G19) -> 14937.106 | H20: =SUM(H14:H19) -> 14383.491
A22: N.º de anos reembolso | B22: 2
A23: Taxa de juro associada | B23: ='Pressupostos'!$B$32 -> 0
A25: =C13 -> 2015
A26: Capital em dívida (início período) | C26: =SUM(C18) -> 0 | D26: =C32 -> 0 | E26: =D32 -> 0 | F26: =E32 -> 0 | G26: =F32 -> 0 | H26: =G32 -> 0
A27: Taxa de Juro | C27: =$B$23 -> 0 | D27: =$B$23 -> 0 | E27: =$B$23 -> 0 | F27: =$B$23 -> 0 | G27: =$B$23 -> 0 | H27: =$B$23 -> 0
A28: Juro Anual | C28: =C26*C27*'FSE'!F8/12 -> 0 | D28: =D26*D27 -> 0 | E28: =E26*E27 -> 0 | F28: =F26*F27 -> 0 | G28: =G26*G27 -> 0 | H28: =H26*H27 -> 0
A29: Reembolso Anual | D29: =IF(C26=0,0,$C$26/$B$22) -> 0 | E29: =IF(D32<=0,0,$C$26/$B$22) -> 0 | F29: =IF(E32<=0,0,$C$26/$B$22) -> 0 | G29: =IF(F32<=0,0,$C$26/$B$22) -> 0 | H29: =IF(G32<=0,0,$C$26/$B$22) -> 0
A30: Imposto Selo (0,4%) | C30: =C28*0.004 -> 0 | D30: =D28*0.004 -> 0 | E30: =E28*0.004 -> 0 | F30: =F28*0.004 -> 0 | G30: =G28*0.004 -> 0 | H30: =H28*0.004 -> 0
A31: Serviço da dívida | C31: =C28+C29+C30 -> 0 | D31: =D28+D29+D30 -> 0 | E31: =E28+E29+E30 -> 0 | F31: =F28+F29+F30 -> 0 | G31: =G28+G29+G30 -> 0 | H31: =H28+H29+H30 -> 0
A32: Valor em dívida | C32: =C26-C29 -> 0 | D32: =D26-D29 -> 0 | E32: =E26-E29 -> 0 | F32: =F26-F29 -> 0 | G32: =G26-G29 -> 0 | H32: =H26-H29 -> 0
A34: N.º de anos reembolso
A35: Taxa de juro associada | B35: ='Pressupostos'!$B$32 -> 0
A37: =D13 -> 2016
A38: Capital em dívida (início período) | C38: =C28 -> 0 | D38: =D18 -> 0 | E38: =D44 -> 0 | F38: =E44 -> 0 | G38: =F44 -> 0 | H38: =G44 -> 0
A39: Taxa de Juro | D39: =$B$35 -> 0 | E39: =$B$35 -> 0 | F39: =$B$35 -> 0 | G39: =$B$35 -> 0 | H39: =$B$35 -> 0
A40: Juro Anual | D40: =D38*D39 -> 0 | E40: =E38*E39 -> 0 | F40: =F38*F39 -> 0 | G40: =G38*G39 -> 0 | H40: =H38*H39 -> 0
A41: Reembolso Anual | D41: =IF(D38=0,0,$D$38/B34) -> 0 | E41: =IF(D44<=0,0,$D$38/$B$34) -> 0 | F41: =IF(E44<=0,0,$D$38/$B$34) -> 0 | G41: =IF(F44<=0,0,$D$38/$B$34) -> 0 | H41: =IF(G44<=0,0,$D$38/$B$34) -> 0
A42: Imposto Selo (0,4%) | D42: =0.004*D40 -> 0 | E42: =0.004*E40 -> 0 | F42: =0.004*F40 -> 0 | G42: =0.004*G40 -> 0 | H42: =0.004*H40 -> 0
A43: Serviço da dívida | D43: =D40+D41+D42 -> 0 | E43: =E40+E41+E42 -> 0 | F43: =F40+F41+F42 -> 0 | G43: =G40+G41+G42 -> 0 | H43: =H40+H41+H42 -> 0
A44: Valor em dívida | D44: =D38-D41 -> 0 | E44: =E38-E41 -> 0 | F44: =F38-F41 -> 0 | G44: =G38-G41 -> 0 | H44: =H38-H41 -> 0
A46: N.º de anos reembolso
A47: Taxa de juro associada | B47: ='Pressupostos'!$B$32 -> 0
A49: =E13 -> 2017
A50: Capital em dívida (início período) | C50: =C40 -> 0 | E50: =E18 -> 0 | F50: =E56 -> 0 | G50: =F56 -> 0 | H50: =G56 -> 0
A51: Taxa de Juro | E51: =$B$47 -> 0 | F51: =$B$47 -> 0 | G51: =$B$47 -> 0 | H51: =$B$47 -> 0
A52: Juro Anual | E52: =E50*E51 -> 0 | F52: =F50*F51 -> 0 | G52: =G50*G51 -> 0 | H52: =H50*H51 -> 0
A53: Reembolso Anual | E53: =IF(E50=0,0,$E$50/$B$46) -> 0 | F53: =IF(E56<=9,0,$E$50/$B$46) -> 0 | G53: =IF(F56<=9,0,$E$50/$B$46) -> 0 | H53: =IF(G56<=9,0,$E$50/$B$46) -> 0
A54: Imposto Selo (0,4%) | E54: =0.004*E52 -> 0 | F54: =0.004*F52 -> 0 | G54: =0.004*G52 -> 0 | H54: =0.004*H52 -> 0
A55: Serviço da dívida | E55: =E52+E53+E54 -> 0 | F55: =F52+F53+F54 -> 0 | G55: =G52+G53+G54 -> 0 | H55: =H52+H53+H54 -> 0
A56: Valor em divida | E56: =E50-E53 -> 0 | F56: =F50-F53 -> 0 | G56: =G50-G53 -> 0 | H56: =H50-H53 -> 0
A58: N.º de anos reembolso
A59: Taxa de juro associada | B59: ='Pressupostos'!$B$32 -> 0
A61: =F13 -> 2018
A62: Capital em dívida (início período) | C62: =C52 -> 0 | F62: =F18 -> 0 | G62: =F68 -> 0 | H62: =G68 -> 0
A63: Taxa de Juro | F63: =$B$59 -> 0 | G63: =$B$59 -> 0 | H63: =$B$59 -> 0
A64: Juro Anual | F64: =F62*F63 -> 0 | G64: =G62*G63 -> 0 | H64: =H62*H63 -> 0
A65: Reembolso Anual | F65: =IF(F62=0,0,$F$62/B58) -> 0 | G65: =IF(F68<=0,0,$F$62/$B$58) -> 0 | H65: =IF(G68<=0,0,$F$62/$B$58) -> 0
A66: Imposto Selo (0,4%) | F66: =F64*0.004 -> 0 | G66: =G64*0.004 -> 0 | H66: =H64*0.004 -> 0
A67: Serviço da dívida | F67: =F64+F65+F66 -> 0 | G67: =G64+G65+G66 -> 0 | H67: =H64+H65+H66 -> 0
A68: Valor em dívida | F68: =F62-F65 -> 0 | G68: =G62-G65 -> 0 | H68: =H62-H65 -> 0
A70: N.º de anos reembolso
A71: Taxa de juro associada | B71: ='Pressupostos'!$B$32 -> 0
A73: =G13 -> 2019
A74: Capital em dívida (início período) | C74: =C64 -> 0 | G74: =G18 -> 0 | H74: =G80 -> 0
A75: Taxa de Juro | G75: =B71 -> 0 | H75: =B71 -> 0
A76: Juro Anual | G76: =G74*G75 -> 0 | H76: =H74*H75 -> 0
A77: Reembolso Anual | G77: =IF(G74=0,0,$G$74/B70) -> 0 | H77: =IF(G80<=0,0,$G$74/B70) -> 0
A78: Imposto Selo (0,4%) | G78: =G76*0.004 -> 0 | H78: =H76*0.004 -> 0
A79: Serviço da dívida | G79: =G76+G77+G78 -> 0 | H79: =H76+H77+H78 -> 0
A80: Valor em dívida | G80: =G74-G77 -> 0 | H80: =H74-H77 -> 0
A82: N.º de anos reembolso
A83: Taxa de juro associada | B83: ='Pressupostos'!$B$32 -> 0
A85: =H13 -> 2020
A86: Capital em dívida (início período) | C86: =C76 -> 0 | H86: =H18 -> 0
A87: Taxa de Juro | H87: =B83 -> 0
A88: Juro Anual | H88: =H86*H87 -> 0
A89: Reembolso Anual | H89: =IF(H86=0,0,$H$86/B82) -> 0
A90: Imposto Selo (0,4%) | H90: =0.004*H88 -> 0
A91: Serviço da dívida | H91: =H88+H89+H90 -> 0
A92: Valor em dívida | H92: =H86-H89 -> 0
A95: Capital em dívida | C95: =C32+C44+C56+C68+C80+C92 -> 0 | D95: =D32+D44+D56+D68+D80+D92 -> 0 | E95: =E32+E44+E56+E68+E80+E92 -> 0 | F95: =F32+F44+F56+F68+F80+F92 -> 0 | G95: =G32+G44+G56+G68+G80+G92 -> 0 | H95: =H32+H44+H56+H68+H80+H92 -> 0
A97: Juros pagos com Imposto Selo incluído | C97: =C28+C40+C52+C64+C76+C88+C30+C42+C54+C66+C78+C90 -> 0 | D97: =D28+D40+D52+D64+D76+D88+D30+D42+D54+D66+D78+D90 -> 0 | E97: =E28+E40+E52+E64+E76+E88+E30+E42+E54+E66+E78+E90 -> 0 | F97: =F28+F40+F52+F64+F76+F88+F30+F42+F54+F66+F78+F90 -> 0 | G97: =G28+G40+G52+G64+G76+G88+G30+G42+G54+G66+G78+G90 -> 0 | H97: =H28+H40+H52+H64+H76+H88+H30+H42+H54+H66+H78+H90 -> 0
A98: Reembolso | C98: =C29+C41+C53+C65+C77+C89 -> 0 | D98: =D29+D41+D53+D65+D77+D89 -> 0 | E98: =E29+E41+E53+E65+E77+E89 -> 0 | F98: =F29+F41+F53+F65+F77+F89 -> 0 | G98: =G29+G41+G53+G65+G77+G89 -> 0 | H98: =H29+H41+H53+H65+H77+H89 -> 0

Sheet Ponto Crítico
F1: Empresa: | G1: ='Pressupostos'!E1 -> Dissolve, Lda
G2: ='Pressupostos'!B9 -> Euros
A4: Ponto Crítico Operacional Previsional
B7: ='VN'!C8 -> 2015 | C7: ='VN'!D8 -> 2016 | D7: ='VN'!E8 -> 2017 | E7: ='VN'!F8 -> 2018 | F7: ='VN'!G8 -> 2019 | G7: ='VN'!H8 -> 2020
A8: ='DR'!A8 -> Vendas e serviços prestados | B8: ='DR'!B8 -> 8330 | C8: ='DR'!C8 -> 34635.045 | D8: ='DR'!D8 -> 45055.093 | E8: ='DR'!E8 -> 48409.956 | F8: ='DR'!F8 -> 48409.956 | G8: ='DR'!G8 -> 48409.956
A9: ='DR'!A11 -> Variação nos inventários da produção | B9: ='DR'!B11 -> 0 | C9: ='DR'!C11 -> 0 | D9: ='DR'!D11 -> 0 | E9: ='DR'!E11 -> 0 | F9: ='DR'!F11 -> 0 | G9: ='DR'!G11 -> 0
A10: CMVMC | B10: ='DR'!B13 -> 0 | C10: ='DR'!C13 -> 0 | D10: ='DR'!D13 -> 0 | E10: ='DR'!E13 -> 0 | F10: ='DR'!F13 -> 0 | G10: ='DR'!G13 -> 0
A11: FSE Variáveis | B11: ='FSE'!F47 -> 0 | C11: ='FSE'!G47 -> 0 | D11: ='FSE'!H47 -> 0 | E11: ='FSE'!I47 -> 0 | F11: ='FSE'!J47 -> 0 | G11: ='FSE'!K47 -> 0
A12: Margem Bruta de Contribuição | B12: =B8+B9-B10-B11 -> 8330 | C12: =C8+C9-C10-C11 -> 34635.045 | D12: =D8+D9-D10-D11 -> 45055.093 | E12: =E8+E9-E10-E11 -> 48409.956 | F12: =F8+F9-F10-F11 -> 48409.956 | G12: =G8+G9-G10-G11 -> 48409.956
A13: Ponto Crítico | B13: =('FSE'!F45+'DR'!B15+'DR'!B24+'DR'!B25+'DR'!B18)/(B12/B8) -> 8871.138 | C13: =('FSE'!G45+'DR'!C15+'DR'!C24+'DR'!C25+'DR'!C18)/(C12/C8) -> 27393.018 | D13: =('FSE'!H45+'DR'!D15+'DR'!D24+'DR'!D25+'DR'!D18)/(D12/D8) -> 34201.446 | E13: =('FSE'!I45+'DR'!E15+'DR'!E24+'DR'!E25+'DR'!E18)/(E12/E8) -> 34812.459 | F13: =('FSE'!J45+'DR'!F15+'DR'!F24+'DR'!F25+'DR'!F18)/(F12/F8) -> 35429.802 | G13: =('FSE'!K45+'DR'!G15+'DR'!G24+'DR'!G25+'DR'!G18)/(G12/G8) -> 33490.088

Sheet DR
F1: Empresa: | G1: ='Pressupostos'!E1 -> Dissolve, Lda
G2: ='Pressupostos'!B9 -> Euros
A4: Demonstração de Resultados Previsional
B7: ='VN'!C8 -> 2015 | C7: ='VN'!D8 -> 2016 | D7: ='VN'!E8 -> 2017 | E7: ='VN'!F8 -> 2018 | F7: ='VN'!G8 -> 2019 | G7: ='VN'!H8 -> 2020
A8: Vendas e serviços prestados | B8: ='VN'!C80 -> 8330 | C8: ='VN'!D80 -> 34635.045 | D8: ='VN'!E80 -> 45055.093 | E8: ='VN'!F80 -> 48409.956 | F8: ='VN'!G80 -> 48409.956 | G8: ='VN'!H80 -> 48409.956
A9: Subsídios à Exploração
A10: Ganhos/perdas imputados de subsidiárias, associadas e empreendimentos conjuntos
A11: Variação nos inventários da produção
A12: Trabalhos para a própria entidade
A13: CMVMC | B13: ='CMVMC'!C16 -> 0 | C13: ='CMVMC'!D16 -> 0 | D13: ='CMVMC'!E16 -> 0 | E13: ='CMVMC'!F16 -> 0 | F13: ='CMVMC'!G16 -> 0 | G13: ='CMVMC'!H16 -> 0
A14: Fornecimento e serviços externos | B14: ='FSE'!F43 -> 2210 | C14: ='FSE'!G43 -> 6828.9 | D14: ='FSE'!H43 -> 7033.767 | E14: ='FSE'!I43 -> 7244.78 | F14: ='FSE'!J43 -> 7462.1234 | G14: ='FSE'!K43 -> 7685.9871
A15: Gastos com o pessoal | B15: ='Gastos com Pessoal'!D79 -> 4097.56 | C15: ='Gastos com Pessoal'!E79 -> 17600.54 | D15: ='Gastos com Pessoal'!F79 -> 23804.101 | E15: ='Gastos com Pessoal'!G79 -> 23804.101 | F15: ='Gastos com Pessoal'!H79 -> 23804.101 | G15: ='Gastos com Pessoal'!I79 -> 23804.101
A16: Imparidade de inventários (perdas/reversões)
A17: Imparidade de dívidas a receber (perdas/reversões) | B17: ='VN'!C87 -> 0 | C17: ='VN'!D87 -> 0 | D17: ='VN'!E87 -> 0 | E17: ='VN'!F87 -> 0 | F17: ='VN'!G87 -> 0 | G17: ='VN'!H87 -> 0
A18: Provisões (aumentos/reduções)
A19: Imparidade de investimentos não depreciáveis/amortizáveis (perdas/reversões)
A20: Aumentos/reduções de justo valor
A21: Outros rendimentos e ganhos
A22: Outros gastos e perdas
A23: EBITDA (Resultado antes de depreciações, gastos de financiamento e impostos) | B23: =B8+B9+B10+B11+B12-B13-B14-B15-B16-B17-B18-B19-B20+B21-B22 -> 2022.44 | C23: =C8+C9+C10+C11+C12-C13-C14-C15-C16-C17-C18-C19-C20+C21-C22 -> 10205.605 | D23: =D8+D9+D10+D11+D12-D13-D14-D15-D16-D17-D18-D19-D20+D21-D22 -> 14217.225 | E23: =E8+E9+E10+E11+E12-E13-E14-E15-E16-E17-E18-E19-E20+E21-E22 -> 17361.076 | F23: =F8+F9+F10+F11+F12-F13-F14-F15-F16-F17-F18-F19-F20+F21-F22 -> 17143.732 | G23: =G8+G9+G10+G11+G12-G13-G14-G15-G16-G17-G18-G19-G20+G21-G22 -> 16919.869
A24: Gastos/reversões de depreciação e amortização | B24: ='Investimento'!C166 -> 2563.578 | C24: ='Investimento'!D166 -> 2963.578 | D24: ='Investimento'!E166 -> 3363.578 | E24: ='Investimento'!F166 -> 3763.578 | F24: ='Investimento'!G166 -> 4163.578 | G24: ='Investimento'!H166 -> 2000
A25: Imparidade de activos depreciáveis/amortizáveis (perdas/reversões)
A26: EBIT (Resultado Operacional) | B26: =B23-B24-B25 -> -541.138 | C26: =C23-C24-C25 -> 7242.027 | D26: =D23-D24-D25 -> 10853.647 | E26: =E23-E24-E25 -> 13597.498 | F26: =F23-F24-F25 -> 12980.154 | G26: =G23-G24-G25 -> 14919.869
A27: Juros e rendimentos similares obtidos | B27: =IF('PlanoFinanceiro'!C29>0,'PlanoFinanceiro'!C29*'Pressupostos'!$B$30,0) -> 0 | C27: =IF('PlanoFinanceiro'!D29>0,'PlanoFinanceiro'!D29*'Pressupostos'!$B$30,0) -> 0 | D27: =IF('PlanoFinanceiro'!E29>0,'PlanoFinanceiro'!E29*'Pressupostos'!$B$30,0) -> 1.0186341e-13 | E27: =IF('PlanoFinanceiro'!F29>0,'PlanoFinanceiro'!F29*'Pressupostos'!$B$30,0) -> 0 | F27: =IF('PlanoFinanceiro'!G29>0,'PlanoFinanceiro'!G29*'Pressupostos'!$B$30,0) -> 0 | G27: =IF('PlanoFinanceiro'!H29>0,'PlanoFinanceiro'!H29*'Pressupostos'!$B$30,0) -> 0
A28: Juros e gastos similares suportados | B28: ='Financiamento'!C97+IF('PlanoFinanceiro'!C29<0,-'PlanoFinanceiro'!C29*'Pressupostos'!$B$32,0) -> 0 | C28: ='Financiamento'!D97+IF('PlanoFinanceiro'!D29<0,-'PlanoFinanceiro'!D29*'Pressupostos'!$B$32,0) -> 0 | D28: ='Financiamento'!E97+IF('PlanoFinanceiro'!E29<0,-'PlanoFinanceiro'!E29*'Pressupostos'!$B$32,0) -> 0 | E28: ='Financiamento'!F97+IF('PlanoFinanceiro'!F29<0,-'PlanoFinanceiro'!F29*'Pressupostos'!$B$32,0) -> 0 | F28: ='Financiamento'!G97+IF('PlanoFinanceiro'!G29<0,-'PlanoFinanceiro'!G29*'Pressupostos'!$B$32,0) -> 0 | G28: ='Financiamento'!H97+IF('PlanoFinanceiro'!H29<0,-'PlanoFinanceiro'!H29*'Pressupostos'!$B$32,0) -> 0
A29: RESULTADO ANTES DE IMPOSTOS | B29: =B26+B27-B28 -> -541.138 | C29: =C26+C27-C28 -> 7242.027 | D29: =D26+D27-D28 -> 10853.647 | E29: =E26+E27-E28 -> 13597.498 | F29: =F26+F27-F28 -> 12980.154 | G29: =G26+G27-G28 -> 14919.869
A30: Imposto sobre o rendimento do período | B30: =IF(B29>0,B29*'Pressupostos'!$B$28,0) -> 0 | C30: =IF(C29+C32<0,0,(C29+C32)*'Pressupostos'!$B$28) -> 1139.1511 | D30: =IF(D29+D32<0,0,(D29+D32)*'Pressupostos'!$B$28) -> 1845.12 | E30: =IF(E29+E32<0,0,(E29+E32)*'Pressupostos'!$B$28) -> 2311.5746 | F30: =IF(F29+F32<0,0,(F29+F32)*'Pressupostos'!$B$28) -> 2206.6262 | G30: =IF(G29+G32<0,0,(G29+G32)*'Pressupostos'!$B$28) -> 2536.3777
A31: RESULTADO LÍQUIDO DO PERÍODO | B31: =B29-B30 -> -541.138 | C31: =C29-C30 -> 6102.8759 | D31: =D29-D30 -> 9008.5271 | E31: =E29-E30 -> 11285.923 | F31: =F29-F30 -> 10773.528 | G31: =G29-G30 -> 12383.491
C32: =IF(B31<0,B31,0) -> -541.138 | D32: =IF(C31+C32<0,C31+C32,0) -> 0 | E32: =IF(D31+D32<0,D31+D32,0) -> 0 | F32: =IF(E31+E32<0,E31+E32,0) -> 0 | G32: =IF(F31+F32<0,F31+F32,0) -> 0

Sheet Cash Flow
G1: Empresa: | H1: ='Pressupostos'!E1 -> Dissolve, Lda
H2: ='Pressupostos'!B9 -> Euros
A4: Mapa de Cash Flows Operacionais
C7: ='VN'!C8 -> 2015 | D7: ='VN'!D8 -> 2016 | E7: ='VN'!E8 -> 2017 | F7: ='VN'!F8 -> 2018 | G7: ='VN'!G8 -> 2019 | H7: ='VN'!H8 -> 2020
A8: Meios Libertos do Projecto
A9: Resultados Operacionais (EBIT) x (1-IRC) | C9: ='DR'!B26*(1-'Pressupostos'!$B$28) -> -449.14454 | D9: ='DR'!C26*(1-'Pressupostos'!$B$28) -> 6010.8824 | E9: ='DR'!D26*(1-'Pressupostos'!$B$28) -> 9008.5271 | F9: ='DR'!E26*(1-'Pressupostos'!$B$28) -> 11285.923 | G9: ='DR'!F26*(1-'Pressupostos'!$B$28) -> 10773.528 | H9: ='DR'!G26*(1-'Pressupostos'!$B$28) -> 12383.491
A10: Depreciações e amortizações | C10: ='DR'!B24 -> 2563.578 | D10: ='DR'!C24 -> 2963.578 | E10: ='DR'!D24 -> 3363.578 | F10: ='DR'!E24 -> 3763.578 | G10: ='DR'!F24 -> 4163.578 | H10: ='DR'!G24 -> 2000
A11: Provisões do exercício | C11: ='DR'!B25 -> 0 | D11: ='DR'!C25 -> 0 | E11: ='DR'!D25 -> 0 | F11: ='DR'!E25 -> 0 | G11: ='DR'!F25 -> 0 | H11: ='DR'!G25 -> 0
C12: =SUM(C9:C11) -> 2114.4335 | D12: =SUM(D9:D11) -> 8974.4604 | E12: =SUM(E9:E11) -> 12372.105 | F12: =SUM(F9:F11) -> 15049.501 | G12: =SUM(G9:G11) -> 14937.106 | H12: =SUM(H9:H11) -> 14383.491
A13: Investim./Desinvest. em Fundo Maneio
A14: Fundo de Maneio | C14: =-'FundoManeio'!C24 -> -614.77867 | D14: =-'FundoManeio'!D24 -> -62.703517 | E14: =-'FundoManeio'!E24 -> -290.72755 | F14: =-'FundoManeio'!F24 -> -136.42233 | G14: =-'FundoManeio'!G24 -> 14.982926 | H14: =-'FundoManeio'!H24 -> 15.432414
A16: CASH FLOW de Exploração | C16: =SUM(C12:C14) -> 1499.6548 | D16: =SUM(D12:D14) -> 8911.7569 | E16: =SUM(E12:E14) -> 12081.378 | F16: =SUM(F12:F14) -> 14913.079 | G16: =SUM(G12:G14) -> 14952.089 | H16: =SUM(H12:H14) -> 14398.923
A18: Investim./Desinvest. em Capital Fixo
A19: Capital Fixo | C19: =-'Investimento'!C29 -> -12817.89 | D19: =-'Investimento'!D29 -> -2000 | E19: =-'Investimento'!E29 -> -2000 | F19: =-'Investimento'!F29 -> -2000 | G19: =-'Investimento'!G29 -> -2000 | H19: =-'Investimento'!H29 -> -2000
A21: Free cash-flow | C21: =C12+C14+C19 -> -11318.235 | D21: =D12+D14+D19 -> 6911.7569 | E21: =E12+E14+E19 -> 10081.378 | F21: =F12+F14+F19 -> 12913.079 | G21: =G12+G14+G19 -> 12952.089 | H21: =H12+H14+H19 -> 12398.923
A23: CASH FLOW acumulado | C23: =SUM(C21) -> -11318.235 | D23: =SUM($C$21:D21) -> -4406.4783 | E23: =SUM($C$21:E21) -> 5674.8993 | F23: =SUM($C$21:F21) -> 18587.978 | G23: =SUM($C$21:G21) -> 31540.067 | H23: =SUM($C$21:H21) -> 43938.99

Sheet PlanoFinanceiro
G1: Empresa: | H1: ='Pressupostos'!E1 -> Dissolve, Lda
H2: ='Pressupostos'!B9 -> Euros
A4: Plano de Financiamento
C7: ='VN'!C8 -> 2015 | D7: ='VN'!D8 -> 2016 | E7: ='VN'!E8 -> 2017 | F7: ='VN'!F8 -> 2018 | G7: ='VN'!G8 -> 2019 | H7: ='VN'!H8 -> 2020
A8: ORIGENS DE FUNDOS
A9: Meios Libertos Brutos | C9: ='DR'!B26+'DR'!B24+'DR'!B25 -> 2022.44 | D9: ='DR'!C26+'DR'!C24+'DR'!C25 -> 10205.605 | E9: ='DR'!D26+'DR'!D24+'DR'!D25 -> 14217.225 | F9: ='DR'!E26+'DR'!E24+'DR'!E25 -> 17361.076 | G9: ='DR'!F26+'DR'!F24+'DR'!F25 -> 17143.732 | H9: ='DR'!G26+'DR'!G24+'DR'!G25 -> 16919.869
A10: Capital Social (entrada de fundos) | C10: ='Financiamento'!C15 -> 500 | D10: ='Financiamento'!D15 -> 0 | E10: ='Financiamento'!E15 -> 0 | F10: ='Financiamento'!F15 -> 0 | G10: ='Financiamento'!G15 -> 0 | H10: ='Financiamento'!H15 -> 0
A11: Outros instrumentos de capital | C11: ='Financiamento'!C16+'Financiamento'!C18+'Financiamento'!C19 -> 10236.42 | D11: ='Financiamento'!D16+'Financiamento'!D17+'Financiamento'!D19 -> 0 | E11: ='Financiamento'!E16+'Financiamento'!E17+'Financiamento'!E19 -> 0 | F11: ='Financiamento'!F16+'Financiamento'!F17+'Financiamento'!F19 -> 0 | G11: ='Financiamento'!G16+'Financiamento'!G17+'Financiamento'!G19 -> 0 | H11: ='Financiamento'!H16+'Financiamento'!H17+'Financiamento'!H19 -> 0
A12: Empréstimos Obtidos | C12: ='Financiamento'!C18 -> 0 | D12: ='Financiamento'!D18 -> 0 | E12: ='Financiamento'!E18 -> 0 | F12: ='Financiamento'!F18 -> 0 | G12: ='Financiamento'!G18 -> 0 | H12: ='Financiamento'!H18 -> 0
A13: Desinvest. em Capital Fixo
A14: Desinvest. em FMN | C14: =IF('FundoManeio'!C24<0,-'FundoManeio'!C24,0) -> 0 | D14: =IF('FundoManeio'!D24<0,-'FundoManeio'!D24,0) -> 0 | E14: =IF('FundoManeio'!E24<0,-'FundoManeio'!E24,0) -> 0 | F14: =IF('FundoManeio'!F24<0,-'FundoManeio'!F24,0) -> 0 | G14: =IF('FundoManeio'!G24<0,-'FundoManeio'!G24,0) -> 14.982926 | H14: =IF('FundoManeio'!H24<0,-'FundoManeio'!H24,0) -> 15.432414
A15: Proveitos Financeiros | C15: ='DR'!B27 -> 0 | D15: ='DR'!C27 -> 0 | E15: ='DR'!D27 -> 1.0186341e-13 | F15: ='DR'!E27 -> 0 | G15: ='DR'!F27 -> 0 | H15: ='DR'!G27 -> 0
A17: Total das Origens | C17: =SUM(C9:C16) -> 12758.86 | D17: =SUM(D9:D16) -> 10205.605 | E17: =SUM(E9:E16) -> 14217.225 | F17: =SUM(F9:F16) -> 17361.076 | G17: =SUM(G9:G16) -> 17158.715 | H17: =SUM(H9:H16) -> 16935.301
A18: APLICAÇÕES DE FUNDOS
A19: Inv. Capital Fixo | C19: ='Investimento'!C29 -> 12817.89 | D19: ='Investimento'!D29 -> 2000 | E19: ='Investimento'!E29 -> 2000 | F19: ='Investimento'!F29 -> 2000 | G19: ='Investimento'!G29 -> 2000 | H19: ='Investimento'!H29 -> 2000
A20: Inv Fundo de Maneio | C20: =IF('FundoManeio'!C24>0,'FundoManeio'!C24,0) -> 614.77867 | D20: =IF('FundoManeio'!D24>0,'FundoManeio'!D24,0) -> 62.703517 | E20: =IF('FundoManeio'!E24>0,'FundoManeio'!E24,0) -> 290.72755 | F20: =IF('FundoManeio'!F24>0,'FundoManeio'!F24,0) -> 136.42233 | G20: =IF('FundoManeio'!G24>0,'FundoManeio'!G24,0) -> 0 | H20: =IF('FundoManeio'!H24>0,'FundoManeio'!H24,0) -> 0
A21: Imposto sobre os Lucros | D21: ='DR'!B30 -> 0 | E21: ='DR'!C30 -> 1139.1511 | F21: ='DR'!D30 -> 1845.12 | G21: ='DR'!E30 -> 2311.5746 | H21: ='DR'!F30 -> 2206.6262
A22: Pagamento de Dividendos
A23: Reembolso de Empréstimos | C23: ='Financiamento'!C98 -> 0 | D23: ='Financiamento'!D98 -> 0 | E23: ='Financiamento'!E98 -> 0 | F23: ='Financiamento'!F98 -> 0 | G23: ='Financiamento'!G98 -> 0 | H23: ='Financiamento'!H98 -> 0
A24: Encargos Financeiros | C24: ='DR'!B28 -> 0 | D24: ='DR'!C28 -> 0 | E24: ='DR'!D28 -> 0 | F24: ='DR'!E28 -> 0 | G24: ='DR'!F28 -> 0 | H24: ='DR'!G28 -> 0
A26: Total das Aplicações | C26: =SUM(C19:C25) -> 13432.669 | D26: =SUM(D19:D25) -> 2062.7035 | E26: =SUM(E19:E25) -> 3429.8787 | F26: =SUM(F19:F25) -> 3981.5423 | G26: =SUM(G19:G25) -> 4311.5746 | H26: =SUM(H19:H25) -> 4206.6262
A27: Saldo de Tesouraria Anual | C27: =C17-C26 -> -673.80867 | D27: =D17-D26 -> 8142.9015 | E27: =E17-E26 -> 10787.346 | F27: =F17-F26 -> 13379.533 | G27: =G17-G26 -> 12847.141 | H27: =H17-H26 -> 12728.675
A28: Saldo de Tesouraria Acumulado | C28: =C27 -> -673.80867 | D28: =C28+D27 -> 7469.0928 | E28: =D28+E27 -> 18256.439 | F28: =E28+F27 -> 31635.973 | G28: =F28+G27 -> 44483.113 | H28: =G28+H27 -> 57211.788
A29: Aplicações / Empréstimo Curto Prazo | C29: 0 | D29: 0 | E29: 1.4551915e-11 | F29: -1.4551915e-11 | G29: 0 | H29: 0
A30: Soma Controlo | C30: =C28-C29 -> -673.80867 | D30: =D28-D29 -> 7469.0928 | E30: =E28-E29 -> 18256.439 | F30: =F28-F29 -> 31635.973 | G30: =G28-G29 -> 44483.113 | H30: =H28-H29 -> 57211.788

Sheet Balanço
G1: Empresa: | H1: ='Pressupostos'!E1 -> Dissolve, Lda
H2: ='Pressupostos'!B9 -> Euros
A4: Balanço Previsional
C7: ='VN'!C8 -> 2015 | D7: ='VN'!D8 -> 2016 | E7: ='VN'!E8 -> 2017 | F7: ='VN'!F8 -> 2018 | G7: ='VN'!G8 -> 2019 | H7: ='VN'!H8 -> 2020
A8: ACTIVO
A9: Activo Não Corrente | C9: =SUM(C10:C13) -> 10254.312 | D9: =SUM(D10:D13) -> 9290.734 | E9: =SUM(E10:E13) -> 7927.156 | F9: =SUM(F10:F13) -> 6163.578 | G9: =SUM(G10:G13) -> 4000 | H9: =SUM(H10:H13) -> 4000
A10: Activos fixos tangíveis | C10: ='Investimento'!C178 -> 10254.312 | D10: ='Investimento'!D178 -> 9290.734 | E10: ='Investimento'!E178 -> 7927.156 | F10: ='Investimento'!F178 -> 6163.578 | G10: ='Investimento'!G178 -> 4000 | H10: ='Investimento'!H178 -> 4000
A11: Propriedades de investimento | C11: ='Investimento'!C177 -> 0 | D11: ='Investimento'!D177 -> 0 | E11: ='Investimento'!E177 -> 0 | F11: ='Investimento'!F177 -> 0 | G11: ='Investimento'!G177 -> 0 | H11: ='Investimento'!H177 -> 0
A12: Activos Intangíveis | C12: ='Investimento'!C179 -> 0 | D12: ='Investimento'!D179 -> 0 | E12: ='Investimento'!E179 -> 0 | F12: ='Investimento'!F179 -> 0 | G12: ='Investimento'!G179 -> 0 | H12: ='Investimento'!H179 -> 0
A13: Investimentos financeiros
A15: Activo corrente | C15: =SUM(C16:C22) -> 853.825 | D15: =SUM(D16:D22) -> 3550.0921 | E15: =SUM(E16:E22) -> 4618.147 | F15: =SUM(F16:F22) -> 4962.0205 | G15: =SUM(G16:G22) -> 4962.0205 | H15: =SUM(H16:H22) -> 4962.0205
A16: Inventários | C16: ='FundoManeio'!C11 -> 0 | D16: ='FundoManeio'!D11 -> 0 | E16: ='FundoManeio'!E11 -> 0 | F16: ='FundoManeio'!F11 -> 0 | G16: ='FundoManeio'!G11 -> 0 | H16: ='FundoManeio'!H11 -> 0
A17: Clientes | C17: ='FundoManeio'!C10-'VN'!C87 -> 853.825 | D17: ='FundoManeio'!D10-SUM('VN'!C87:D87) -> 3550.0921 | E17: ='FundoManeio'!E10-SUM('VN'!C87:E87) -> 4618.147 | F17: ='FundoManeio'!F10-SUM('VN'!C87:F87) -> 4962.0205 | G17: ='FundoManeio'!G10-SUM('VN'!C87:G87) -> 4962.0205 | H17: ='FundoManeio'!H10-SUM('VN'!C87:H87) -> 4962.0205
A18: Estado e Outros Entes Públicos | C18: ='FundoManeio'!C12 -> 0 | D18: ='FundoManeio'!D12 -> 0 | E18: ='FundoManeio'!E12 -> 0 | F18: ='FundoManeio'!F12 -> 0 | G18: ='FundoManeio'!G12 -> 0 | H18: ='FundoManeio'!H12 -> 0
A19: Accionistas/sócios
A20: Outras contas a receber
A21: Diferimentos
A22: Caixa e depósitos bancários | C22: =IF('PlanoFinanceiro'!C29>0,'PlanoFinanceiro'!C29,0)+'FundoManeio'!C9 -> 0 | D22: =IF('PlanoFinanceiro'!D29>0,'PlanoFinanceiro'!D29,0)+'FundoManeio'!D9 -> 0 | E22: =IF('PlanoFinanceiro'!E29>0,'PlanoFinanceiro'!E29,0)+'FundoManeio'!E9 -> 1.4551915e-11 | F22: =IF('PlanoFinanceiro'!F29>0,'PlanoFinanceiro'!F29,0)+'FundoManeio'!F9 -> 0 | G22: =IF('PlanoFinanceiro'!G29>0,'PlanoFinanceiro'!G29,0)+'FundoManeio'!G9 -> 0 | H22: =IF('PlanoFinanceiro'!H29>0,'PlanoFinanceiro'!H29,0)+'FundoManeio'!H9 -> 0
A23: TOTAL ACTIVO | C23: =C15+C9 -> 11108.137 | D23: =D15+D9 -> 12840.826 | E23: =E15+E9 -> 12545.303 | F23: =F15+F9 -> 11125.599 | G23: =G15+G9 -> 8962.0205 | H23: =H15+H9 -> 8962.0205
A25: CAPITAL PRÓPRIO
A26: Capital realizado | C26: ='Financiamento'!C15 -> 500 | D26: =C26+'Financiamento'!D15 -> 500 | E26: =D26+'Financiamento'!E15 -> 500 | F26: =E26+'Financiamento'!F15 -> 500 | G26: =F26+'Financiamento'!G15 -> 500 | H26: =G26+'Financiamento'!H15 -> 500
A27: Acções (quotas próprias)
A28: Outros instrumentos de capital próprio | C28: ='Financiamento'!C16 -> 0 | D28: =C28+'Financiamento'!D16 -> 0 | E28: =D28+'Financiamento'!E16 -> 0 | F28: =E28+'Financiamento'!F16 -> 0 | G28: =F28+'Financiamento'!G16 -> 0 | H28: =G28+'Financiamento'!H16 -> 0
A29: Reservas | D29: =C32 -> -541.138 | E29: =D29+D32 -> 5561.7379 | F29: =E29+E32 -> 14570.265 | G29: =F29+F32 -> 25856.188 | H29: =G29+G32 -> 36629.716
A30: Excedentes de revalorização
A31: Outras variações no capital próprio | C31: ='Financiamento'!C19 -> 10236.42 | D31: =C31+'Financiamento'!D19 -> 10236.42 | E31: =D31+'Financiamento'!E19 -> 10236.42 | F31: =E31+'Financiamento'!F19 -> 10236.42 | G31: =F31+'Financiamento'!G19 -> 10236.42 | H31: =G31+'Financiamento'!H19 -> 10236.42
A32: Resultado líquido do período | C32: ='DR'!B31 -> -541.138 | D32: ='DR'!C31 -> 6102.8759 | E32: ='DR'!D31 -> 9008.5271 | F32: ='DR'!E31 -> 11285.923 | G32: ='DR'!F31 -> 10773.528 | H32: ='DR'!G31 -> 12383.491
A33: TOTAL DO CAPITAL PRÓPRIO | C33: =SUM(C26:C32) -> 10195.282 | D33: =SUM(D26:D32) -> 16298.158 | E33: =SUM(E26:E32) -> 25306.685 | F33: =SUM(F26:F32) -> 36592.608 | G33: =SUM(G26:G32) -> 47366.136 | H33: =SUM(H26:H32) -> 59749.627
A35: PASSIVO
A37: Passivo não corrente | C37: =SUM(C38:C40) -> 0 | D37: =SUM(D38:D40) -> 0 | E37: =SUM(E38:E40) -> 0 | F37: =SUM(F38:F40) -> 0 | G37: =SUM(G38:G40) -> 0 | H37: =SUM(H38:H40) -> 0
A38: Provisões
A39: Financiamentos obtidos | C39: ='Financiamento'!C95 -> 0 | D39: ='Financiamento'!D95 -> 0 | E39: ='Financiamento'!E95 -> 0 | F39: ='Financiamento'!F95 -> 0 | G39: ='Financiamento'!G95 -> 0 | H39: ='Financiamento'!H95 -> 0
A40: Outras Contas a pagar
A42: Passivo corrente | C42: =SUM(C43:C47) -> 239.04632 | D42: =SUM(D43:D47) -> 4011.7611 | E42: =SUM(E43:E47) -> 5495.0573 | F42: =SUM(F43:F47) -> 6168.9631 | G42: =SUM(G43:G47) -> 6078.9976 | H42: =SUM(H43:H47) -> 6424.1814
A43: Fornecedores | C43: ='FundoManeio'!C17 -> 200.075 | D43: ='FundoManeio'!D17 -> 618.23175 | E43: ='FundoManeio'!E17 -> 636.7787 | F43: ='FundoManeio'!F17 -> 655.88206 | G43: ='FundoManeio'!G17 -> 675.55853 | H43: ='FundoManeio'!H17 -> 695.82528
A44: Estado e Outros Entes Públicos | C44: ='FundoManeio'!C18+'DR'!B30 -> 38.971325 | D44: ='FundoManeio'!D18+'DR'!C30 -> 3393.5293 | E44: ='FundoManeio'!E18+'DR'!D30 -> 4858.2786 | F44: ='FundoManeio'!F18+'DR'!E30 -> 5513.081 | G44: ='FundoManeio'!G18+'DR'!F30 -> 5403.4391 | H44: ='FundoManeio'!H18+'DR'!G30 -> 5728.3562
A45: Accionistas/sócios | C45: ='Financiamento'!C18 -> 0 | D45: =C45+'Financiamento'!D17 -> 0 | E45: =D45+'Financiamento'!E17 -> 0 | F45: =E45+'Financiamento'!F17 -> 0 | G45: =F45+'Financiamento'!G17 -> 0 | H45: =G45+'Financiamento'!H17 -> 0
A46: Financiamentos Obtidos | C46: =IF('PlanoFinanceiro'!C29<0,-'PlanoFinanceiro'!C29,0) -> 0 | D46: =IF('PlanoFinanceiro'!D29<0,-'PlanoFinanceiro'!D29,0) -> 0 | E46: =IF('PlanoFinanceiro'!E29<0,-'PlanoFinanceiro'!E29,0) -> 0 | F46: =IF('PlanoFinanceiro'!F29<0,-'PlanoFinanceiro'!F29,0) -> 1.4551915e-11 | G46: =IF('PlanoFinanceiro'!G29<0,-'PlanoFinanceiro'!G29,0) -> 0 | H46: =IF('PlanoFinanceiro'!H29<0,-'PlanoFinanceiro'!H29,0) -> 0
A47: Outras contas a pagar
A49: TOTAL PASSIVO | C49: =C42+C37 -> 239.04632 | D49: =D42+D37 -> 4011.7611 | E49: =E42+E37 -> 5495.0573 | F49: =F42+F37 -> 6168.9631 | G49: =G42+G37 -> 6078.9976 | H49: =H42+H37 -> 6424.1814
A51: TOTAL PASSIVO + CAPITAIS PRÓPRIOS | C51: =C49+C33 -> 10434.328 | D51: =D49+D33 -> 20309.919 | E51: =E49+E33 -> 30801.742 | F51: =F49+F33 -> 42761.571 | G51: =G49+G33 -> 53445.134 | H51: =H49+H33 -> 66173.809
C53: =C23-C51 -> 673.80868 | D53: =D23-D51 -> -7469.0928 | E53: =E23-E51 -> -18256.439 | F53: =F23-F51 -> -31635.973 | G53: =G23-G51 -> -44483.113 | H53: =H23-H51 -> -57211.788
D54: =D53-C53 -> -8142.9015 | E54: =E53-D53 -> -10787.346 | F54: =F53-E53 -> -13379.533 | G54: =G53-F53 -> -12847.141 | H54: =H53-G53 -> -12728.675

Sheet Indicadores
F1: ='VN'!G1 -> Empresa: | G1: ='Pressupostos'!E1 -> Dissolve, Lda
A4: Principais Indicadores
A6: INDICADORES ECONÓMICOS | B6: ='VN'!C8 -> 2015 | C6: ='VN'!D8 -> 2016 | D6: ='VN'!E8 -> 2017 | E6: ='VN'!F8 -> 2018 | F6: ='VN'!G8 -> 2019 | G6: ='VN'!H8 -> 2020
A7: Taxa de Crescimento do Negócio | C7: =('DR'!C8/'DR'!B8)-1 -> 3.1578685 | D7: =('DR'!D8/'DR'!C8)-1 -> 0.30085273 | E7: =('DR'!E8/'DR'!D8)-1 -> 0.074461362 | F7: =('DR'!F8/'DR'!E8)-1 -> 0 | G7: =('DR'!G8/'DR'!F8)-1 -> 0
A8: Rentabilidade Líquida sobre o rédito | B8: ='DR'!B31/'DR'!B8 -> -0.064962545 | C8: ='DR'!C31/'DR'!C8 -> 0.17620522 | D8: ='DR'!D31/'DR'!D8 -> 0.1999447 | E8: ='DR'!E31/'DR'!E8 -> 0.23313227 | F8: ='DR'!F31/'DR'!F8 -> 0.22254778 | G8: ='DR'!G31/'DR'!G8 -> 0.25580463
A10: INDICADORES ECONÓMICOS - FINANCEIROS | B10: =B6 -> 2015 | C10: =C6 -> 2016 | D10: =D6 -> 2017 | E10: =E6 -> 2018 | F10: =F6 -> 2019 | G10: =G6 -> 2020
A11: Return On Investment (ROI) | B11: ='DR'!B31/'Balanço'!C23 -> -0.04871546 | C11: ='DR'!C31/'Balanço'!D23 -> 0.47527128 | D11: ='DR'!D31/'Balanço'!E23 -> 0.71807968 | E11: ='DR'!E31/'Balanço'!F23 -> 1.0144104 | F11: ='DR'!F31/'Balanço'!G23 -> 1.2021316 | G11: ='DR'!G31/'Balanço'!H23 -> 1.3817744
A12: Rendibilidade do Activo | B12: ='DR'!B26/'Balanço'!C23 -> -0.04871546 | C12: ='DR'!C26/'Balanço'!D23 -> 0.56398451 | D12: ='DR'!D26/'Balanço'!E23 -> 0.86515624 | E12: ='DR'!E26/'Balanço'!F23 -> 1.2221812 | F12: ='DR'!F26/'Balanço'!G23 -> 1.4483513 | G12: ='DR'!G26/'Balanço'!H23 -> 1.6647885
A13: Rotação do Activo | B13: ='DR'!B8/'Balanço'!C23 -> 0.74990073 | C13: ='DR'!C8/'Balanço'!D23 -> 2.6972599 | D13: ='DR'!D8/'Balanço'!E23 -> 3.5913914 | E13: ='DR'!E8/'Balanço'!F23 -> 4.3512227 | F13: ='DR'!F8/'Balanço'!G23 -> 5.4016788 | G13: ='DR'!G8/'Balanço'!H23 -> 5.4016788
A14: Rendibilidade dos Capitais Próprios (ROE) | B14: ='DR'!B31/'Balanço'!C33 -> -0.053077296 | C14: ='DR'!C31/'Balanço'!D33 -> 0.37445188 | D14: ='DR'!D31/'Balanço'!E33 -> 0.35597421 | E14: ='DR'!E31/'Balanço'!F33 -> 0.30842084 | F14: ='DR'!F31/'Balanço'!G33 -> 0.22745212 | G14: ='DR'!G31/'Balanço'!H33 -> 0.20725637
A16: INDICADORES FINANCEIROS | B16: =B6 -> 2015 | C16: =C6 -> 2016 | D16: =D6 -> 2017 | E16: =E6 -> 2018 | F16: =F6 -> 2019 | G16: =G6 -> 2020
A17: Autonomia Financeira | B17: ='Balanço'!C33/'Balanço'!C23 -> 0.91782105 | C17: ='Balanço'!D33/'Balanço'!D23 -> 1.2692453 | D17: ='Balanço'!E33/'Balanço'!E23 -> 2.0172239 | E17: ='Balanço'!F33/'Balanço'!F23 -> 3.2890462 | F17: ='Balanço'!G33/'Balanço'!G23 -> 5.2852073 | G17: ='Balanço'!H33/'Balanço'!H23 -> 6.6669817
A18: Solvabilidade Total | B18: ='Balanço'!C23/'Balanço'!C49 -> 46.468554 | C18: ='Balanço'!D23/'Balanço'!D49 -> 3.2007953 | D18: ='Balanço'!E23/'Balanço'!E49 -> 2.2830159 | E18: ='Balanço'!F23/'Balanço'!F49 -> 1.8034795 | F18: ='Balanço'!G23/'Balanço'!G49 -> 1.4742596 | G18: ='Balanço'!H23/'Balanço'!H49 -> 1.3950447
A19: Cobertura dos encargos financeiros | B19: ='DR'!B26/'DR'!B28 | C19: ='DR'!C26/'DR'!C28 | D19: ='DR'!D26/'DR'!D28 | E19: ='DR'!E26/'DR'!E28 | F19: ='DR'!F26/'DR'!F28 | G19: ='DR'!G26/'DR'!G28
A21: INDICADORES DE LIQUIDEZ | B21: =B6 -> 2015 | C21: =C6 -> 2016 | D21: =D6 -> 2017 | E21: =E6 -> 2018 | F21: =F6 -> 2019 | G21: =G6 -> 2020
A22: Liquidez Corrente | B22: ='Balanço'!C15/'Balanço'!C42 -> 3.5717972 | C22: ='Balanço'!D15/'Balanço'!D42 -> 0.88492113 | D22: ='Balanço'!E15/'Balanço'!E42 -> 0.84041836 | E22: ='Balanço'!F15/'Balanço'!F42 -> 0.80435245 | F22: ='Balanço'!G15/'Balanço'!G42 -> 0.81625637 | G22: ='Balanço'!H15/'Balanço'!H42 -> 0.77239732
A23: Liquidez Reduzida | B23: =('Balanço'!C17+'Balanço'!C18+'Balanço'!C19+'Balanço'!C20+'Balanço'!C21+'Balanço'!C22)/'Balanço'!C42 -> 3.5717972 | C23: =('Balanço'!D17+'Balanço'!D18+'Balanço'!D19+'Balanço'!D20+'Balanço'!D21+'Balanço'!D22)/'Balanço'!D42 -> 0.88492113 | D23: =('Balanço'!E17+'Balanço'!E18+'Balanço'!E19+'Balanço'!E20+'Balanço'!E21+'Balanço'!E22)/'Balanço'!E42 -> 0.84041836 | E23: =('Balanço'!F17+'Balanço'!F18+'Balanço'!F19+'Balanço'!F20+'Balanço'!F21+'Balanço'!F22)/'Balanço'!F42 -> 0.80435245 | F23: =('Balanço'!G17+'Balanço'!G18+'Balanço'!G19+'Balanço'!G20+'Balanço'!G21+'Balanço'!G22)/'Balanço'!G42 -> 0.81625637 | G23: =('Balanço'!H17+'Balanço'!H18+'Balanço'!H19+'Balanço'!H20+'Balanço'!H21+'Balanço'!H22)/'Balanço'!H42 -> 0.77239732
A25: INDICADORES DE RISCO NEGÓCIO | B25: =B6 -> 2015 | C25: =C6 -> 2016 | D25: =D6 -> 2017 | E25: =E6 -> 2018 | F25: =F6 -> 2019 | G25: =G6 -> 2020
A26: Margem Bruta | B26: ='DR'!B8-'DR'!B11-'DR'!B13-'DR'!B14 -> 6120 | C26: ='DR'!C8-'DR'!C11-'DR'!C13-'DR'!C14 -> 27806.145 | D26: ='DR'!D8-'DR'!D11-'DR'!D13-'DR'!D14 -> 38021.326 | E26: ='DR'!E8-'DR'!E11-'DR'!E13-'DR'!E14 -> 41165.176 | F26: ='DR'!F8-'DR'!F11-'DR'!F13-'DR'!F14 -> 40947.833 | G26: ='DR'!G8-'DR'!G11-'DR'!G13-'DR'!G14 -> 40723.969
A27: Grau de Alavanca Operacional | B27: =B26/'DR'!B26 -> -11.3095 | C27: =C26/'DR'!C26 -> 3.8395528 | D27: =D26/'DR'!D26 -> 3.5030921 | E27: =E26/'DR'!E26 -> 3.0274082 | F27: =F26/'DR'!F26 -> 3.1546492 | G27: =G26/'DR'!G26 -> 2.7295126
A28: Grau de Alavanca Financeira | B28: ='DR'!B26/'DR'!B29 -> 1 | C28: ='DR'!C26/'DR'!C29 -> 1 | D28: ='DR'!D26/'DR'!D29 -> 1 | E28: ='DR'!E26/'DR'!E29 -> 1 | F28: ='DR'!F26/'DR'!F29 -> 1 | G28: ='DR'!G26/'DR'!G29 -> 1

Sheet Avaliação
H1: ='VN'!G1 -> Empresa: | I1: ='Pressupostos'!E1 -> Dissolve, Lda
A4: Avaliação do Projecto / Empresa
A7: Na perspectiva do Investidor | C7: ='VN'!C8 -> 2015 | D7: ='VN'!D8 -> 2016 | E7: ='VN'!E8 -> 2017 | F7: ='VN'!F8 -> 2018 | G7: ='VN'!G8 -> 2019 | H7: ='VN'!H8 -> 2020 | I7: =H7+1 -> 2021
A9: Free Cash Flow do Equity | C9: ='Cash Flow'!C21+'PlanoFinanceiro'!C12-'PlanoFinanceiro'!C23-'DR'!B28 -> -11318.235 | D9: ='Cash Flow'!D21+'PlanoFinanceiro'!D12-'PlanoFinanceiro'!D23-'DR'!C28 -> 6911.7569 | E9: ='Cash Flow'!E21+'PlanoFinanceiro'!E12-'PlanoFinanceiro'!E23-'DR'!D28 -> 10081.378 | F9: ='Cash Flow'!F21+'PlanoFinanceiro'!F12-'PlanoFinanceiro'!F23-'DR'!E28 -> 12913.079 | G9: ='Cash Flow'!G21+'PlanoFinanceiro'!G12-'PlanoFinanceiro'!G23-'DR'!F28 -> 12952.089 | H9: ='Cash Flow'!H21+'PlanoFinanceiro'!H12-'PlanoFinanceiro'!H23-'DR'!G28 -> 12398.923 | I9: =(H9*(1+'Pressupostos'!B37))/(I13-'Pressupostos'!B37) -> 183324.8
L10: CF | M10: CF Acum
A11: Taxa de juro de activos sem risco | C11: ='Pressupostos'!B34 -> 0.016 | D11: =C11*(1+'VN'!D9) -> 0.01648 | E11: =D11*(1+'VN'!E9) -> 0.0169744 | F11: =E11*(1+'VN'!F9) -> 0.017483632 | G11: =F11*(1+'VN'!G9) -> 0.018008141 | H11: =G11*(1+'VN'!H9) -> 0.018548385 | I11: =H11*(1+'VN'!H9) -> 0.019104837 | K11: Ano 0 | L11: =C16 -> -11318.235 | M11: =L11 -> -11318.235 | N11: =IF(M11>0,M11/L11*12) -> FALSE
A12: Prémio de risco de mercado | C12: ='Pressupostos'!B35 -> 0.1 | D12: =C12 -> 0.1 | E12: =D12 -> 0.1 | F12: =E12 -> 0.1 | G12: =F12 -> 0.1 | H12: =G12 -> 0.1 | I12: =H12 -> 0.1 | K12: Ano 1 | L12: =D16 -> 6181.5435 | M12: =M11+L12 -> -5136.6917 | N12: =IF(M12>0,M12/L12*12) -> FALSE
A13: Taxa de Actualização | C13: =(1+C11)*(1+C12)-1 -> 0.1176 | D13: =(1+D11)*(1+D12)-1 -> 0.118128 | E13: =(1+E11)*(1+E12)-1 -> 0.11867184 | F13: =(1+F11)*(1+F12)-1 -> 0.119232 | G13: =(1+G11)*(1+G12)-1 -> 0.11980896 | H13: =(1+H11)*(1+H12)-1 -> 0.12040322 | I13: =(1+I11)*(1+I12)-1 -> 0.12101532 | K13: Ano 2 | L13: =E16 -> 8059.8257 | M13: =M12+L13 -> 2923.134 | N13: =IF(M13>0,M13/L13*12) -> 4.3521547
A14: Factor actualização | C14: 1 | D14: =C14*(1+D13) -> 1.118128 | E14: =D14*(1+E13) -> 1.2508183 | F14: =E14*(1+F13) -> 1.3999559 | G14: =F14*(1+G13) -> 1.5676831 | H14: =G14*(1+H13) -> 1.7564372 | I14: =H14*(1+I13) -> 1.968993 | K14: Ano 3 | L14: =F16 -> 9223.9184 | M14: =M13+L14 -> 12147.052 | N14: =IF(M14>0,M14/L14*12) -> 15.802897
K15: Ano 4 | L15: =G16 -> 8261.9305 | M15: =M14+L15 -> 20408.983 | N15: =IF(M15>0,M15/L15*12) -> 29.642926
A16: Fluxos Actualizados | C16: =C9/C14 -> -11318.235 | D16: =D9/D14 -> 6181.5435 | E16: =E9/E14 -> 8059.8257 | F16: =F9/F14 -> 9223.9184 | G16: =G9/G14 -> 8261.9305 | H16: =H9/H14 -> 7059.1327 | I16: =I9/I14 -> 93105.866 | K16: Ano 5 | L16: =H16 -> 7059.1327 | M16: =M15+L16 -> 27468.116 | N16: =IF(M16>0,M16/L16*12) -> 46.693752
K17: Ano 6 | L17: =I16 -> 93105.866 | M17: =M16+L17 -> 120573.98 | N17: =IF(M17>0,M17/L17*12) -> 15.540243
C18: =C16 -> -11318.235 | D18: =SUM($C$16:D16) -> -5136.6917 | E18: =SUM($C$16:E16) -> 2923.134 | F18: =SUM($C$16:F16) -> 12147.052 | G18: =SUM($C$16:G16) -> 20408.983 | H18: =SUM($C$16:H16) -> 27468.116 | I18: =SUM($C$16:I16) -> 120573.98
A20: Valor Actual Líquido (VAL) | C20: =I18 -> 120573.98
C22: =IRR(C9,0.1) | D22: =IRR($C$9:D9,0.1) -> -0.38932557 | E22: =IRR($C$9:E9,0.1) -> 0.29728013 | F22: =IRR($C$9:F9,0.1) -> 0.60686434 | G22: =IRR($C$9:G9,0.1) -> 0.72894575 | H22: =IRR($C$9:H9,0.1) -> 0.78141029 | I22: =IRR($C$9:I9,0.1) -> 1.0191621
A24: Taxa Interna de Rentibilidade | C24: =I22 -> 1.0191621
A26: Pay Back period | C26: =COUNTIF(N11:N16,"falso") -> 2 | D26: Anos
A29: Na perspectiva do Projecto | C29: ='VN'!C8 -> 2015 | D29: ='VN'!D8 -> 2016 | E29: ='VN'!E8 -> 2017 | F29: ='VN'!F8 -> 2018 | G29: ='VN'!G8 -> 2019 | H29: ='VN'!H8 -> 2020 | I29: =H29+1 -> 2021 | L29: CF | M29: CF Acum
K30: Ano 0 | L30: =C36 -> -11318.235 | M30: =L30 -> -11318.235 | N30: =IF(M30>0,M30/L30*12) -> FALSE
A31: Free Cash Flow to Firm | C31: ='Cash Flow'!C21 -> -11318.235 | D31: ='Cash Flow'!D21 -> 6911.7569 | E31: ='Cash Flow'!E21 -> 10081.378 | F31: ='Cash Flow'!F21 -> 12913.079 | G31: ='Cash Flow'!G21 -> 12952.089 | H31: ='Cash Flow'!H21 -> 12398.923 | I31: =(H31*(1+'Pressupostos'!B37))/(I33-'Pressupostos'!B37) -> 189922.34 | K31: Ano 1 | L31: =D36 -> 6190.6679 | M31: =M30+L31 -> -5127.5673 | N31: =IF(M31>0,M31/L31*12) -> FALSE
K32: Ano 2 | L32: =E36 -> 8083.989 | M32: =M31+L32 -> 2956.4217 | N32: =IF(M32>0,M32/L32*12) -> 4.3885587
A33: WACC | C33: =B60 -> 0.116 | D33: =C60 -> 0.11648 | E33: =D60 -> 0.1169744 | F33: =E60 -> 0.11748363 | G33: =F60 -> 0.11800814 | H33: =G60 -> 0.11854839 | I33: =H33 -> 0.11854839 | K33: Ano 3 | L33: =F36 -> 9266.0462 | M33: =M32+L33 -> 12222.468 | N33: =IF(M33>0,M33/L33*12) -> 15.828716
A34: Factor de actualização | C34: 1 | D34: =C34*(1+D33) -> 1.11648 | E34: =D34*(1+E33) -> 1.2470796 | F34: =E34*(1+F33) -> 1.393591 | G34: =F34*(1+G33) -> 1.5580461 | H34: =G34*(1+H33) -> 1.74275 | I34: =H34*(1+I33) -> 1.9493501 | K34: Ano 4 | L34: =G36 -> 8313.0332 | M34: =M33+L34 -> 20535.501 | N34: =IF(M34>0,M34/L34*12) -> 29.643333
K35: Ano 5 | L35: =H36 -> 7114.5739 | M35: =M34+L35 -> 27650.075 | N35: =IF(M35>0,M35/L35*12) -> 46.636791
A36: Fluxos actualizados | C36: =C31/C34 -> -11318.235 | D36: =D31/D34 -> 6190.6679 | E36: =E31/E34 -> 8083.989 | F36: =F31/F34 -> 9266.0462 | G36: =G31/G34 -> 8313.0332 | H36: =H31/H34 -> 7114.5739 | I36: =I31/I34 -> 97428.539
C38: =C36 -> -11318.235 | D38: =SUM($C$36:D36) -> -5127.5673 | E38: =SUM($C$36:E36) -> 2956.4217 | F38: =SUM($C$36:F36) -> 12222.468 | G38: =SUM($C$36:G36) -> 20535.501 | H38: =SUM($C$36:H36) -> 27650.075 | I38: =SUM($C$36:I36) -> 125078.61
A40: Valor Actual Líquido (VAL) | C40: =I38 -> 125078.61
C42: =IRR(C31,0.1) | D42: =IRR($C$31:D31,0.1) -> -0.38932557 | E42: =IRR($C$31:E31,0.1) -> 0.29728013 | F42: =IRR($C$31:F31,0.1) -> 0.60686434 | G42: =IRR($C$31:G31,0.1) -> 0.72894575 | H42: =IRR($C$31:H31,0.1) -> 0.78141029 | I42: =IRR($C$31:I31,0.1) -> 1.0248443
A44: Taxa Interna de Rentibilidade | C44: =I42 -> 1.0248443
A46: Pay Back period | C46: =COUNTIF(N30:N35,"falso") -> 2 | D46: Anos
A49: Cálculo do WACC | B49: =C29 -> 2015 | C49: =B49+1 -> 2016 | D49: =C49+1 -> 2017 | E49: =D49+1 -> 2018 | F49: =E49+1 -> 2019 | G49: =F49+1 -> 2020
A50: Passivo Remunerado | B50: ='Balanço'!C39+'Balanço'!C46 -> 0 | C50: ='Balanço'!D39+'Balanço'!D46 -> 0 | D50: ='Balanço'!E39+'Balanço'!E46 -> 0 | E50: ='Balanço'!F39+'Balanço'!F46 -> 1.4551915e-11 | F50: ='Balanço'!G39+'Balanço'!G46 -> 0 | G50: ='Balanço'!H39+'Balanço'!H46 -> 0
A51: Capital Próprio | B51: ='Balanço'!C33 -> 10195.282 | C51: ='Balanço'!D33 -> 16298.158 | D51: ='Balanço'!E33 -> 25306.685 | E51: ='Balanço'!F33 -> 36592.608 | F51: ='Balanço'!G33 -> 47366.136 | G51: ='Balanço'!H33 -> 59749.627
A52: TOTAL | B52: =B50+B51 -> 10195.282 | C52: =C50+C51 -> 16298.158 | D52: =D50+D51 -> 25306.685 | E52: =E50+E51 -> 36592.608 | F52: =F50+F51 -> 47366.136 | G52: =G50+G51 -> 59749.627
A53: % Passivo remunerado | B53: =B50/B52 -> 0 | C53: =C50/C52 -> 0 | D53: =D50/D52 -> 0 | E53: =E50/E52 -> 3.9767363e-16 | F53: =F50/F52 -> 0 | G53: =G50/G52 -> 0
A54: % Capital Próprio | B54: =B51/B52 -> 1 | C54: =C51/C52 -> 1 | D54: =D51/D52 -> 1 | E54: =E51/E52 -> 1 | F54: =F51/F52 -> 1 | G54: =G51/G52 -> 1
A56: Custo
A57: Custo Financiamento | B57: ='Pressupostos'!$B$32 -> 0 | C57: ='Pressupostos'!$B$32 -> 0 | D57: ='Pressupostos'!$B$32 -> 0 | E57: ='Pressupostos'!$B$32 -> 0 | F57: ='Pressupostos'!$B$32 -> 0 | G57: ='Pressupostos'!$B$32 -> 0
A58: Custo financiamento com efeito fiscal | B58: =B57*(1-'Pressupostos'!$B$28) -> 0 | C58: =C57*(1-'Pressupostos'!$B$28) -> 0 | D58: =D57*(1-'Pressupostos'!$B$28) -> 0 | E58: =E57*(1-'Pressupostos'!$B$28) -> 0 | F58: =F57*(1-'Pressupostos'!$B$28) -> 0 | G58: =G57*(1-'Pressupostos'!$B$28) -> 0
A59: Custo Capital | B59: =(C11+('Pressupostos'!$B$36*'Pressupostos'!$B$35)) -> 0.116 | C59: =(D11+('Pressupostos'!$B$36*'Pressupostos'!$B$35)) -> 0.11648 | D59: =(E11+('Pressupostos'!$B$36*'Pressupostos'!$B$35)) -> 0.1169744 | E59: =(F11+('Pressupostos'!$B$36*'Pressupostos'!$B$35)) -> 0.11748363 | F59: =(G11+('Pressupostos'!$B$36*'Pressupostos'!$B$35)) -> 0.11800814 | G59: =(H11+('Pressupostos'!$B$36*'Pressupostos'!$B$35)) -> 0.11854839
A60: Custo ponderado | B60: =(B53*B58)+(B54*B59) -> 0.116 | C60: =(C53*C58)+(C54*C59) -> 0.11648 | D60: =(D53*D58)+(D54*D59) -> 0.1169744 | E60: =(E53*E58)+(E54*E59) -> 0.11748363 | F60: =(F53*F58)+(F54*F59) -> 0.11800814 | G60: =(G53*G58)+(G54*G59) -> 0.11854839

Sheet Calculos Auxiliares
G1: Empresa: | H1: ='Pressupostos'!E1 -> Dissolve, Lda
A4: Cálculos Auxiliares
A6: Consumo de Unidades de Matérias-Primas por Unidade de Produto Acabado
A7: Matérias Primas e Subsidiárias (descriminação) | B7: Unidade de Medida | C7: Produto A | D7: Produto B | E7: Produto C | F7: Produto D
A24: Produção (em Quantidades) | H24: Unidades físicas
A25: Produtos | C25: ='Pressupostos'!B11 -> 2015 | D25: =C25+1 -> 2016 | E25: =D25+1 -> 2017 | F25: =E25+1 -> 2018 | G25: =F25+1 -> 2019 | H25: =G25+1 -> 2020
A26: Produto A
A27: Produto B
A28: Produto C
A29: Produto D
A33: TOTAL | C33: =SUM(C26:C32) -> 0 | D33: =SUM(D26:D32) -> 0 | E33: =SUM(E26:E32) -> 0 | F33: =SUM(F26:F32) -> 0 | G33: =SUM(G26:G32) -> 0 | H33: =SUM(H26:H32) -> 0
A35: Consumo de Matérias Primas 1* | H35: Unidades físicas
A36: Matérias Primas e Subsidiárias | C36: =C25 -> 2015 | D36: =D25 -> 2016 | E36: =E25 -> 2017 | F36: =F25 -> 2018 | G36: =G25 -> 2019 | H36: =H25 -> 2020
A53: Preço das Matérias Primas e Subsidiárias
A54: Matérias Primas e Subsidiárias | C54: =C36 -> 2015 | D54: =D36 -> 2016 | E54: =E36 -> 2017 | F54: =F36 -> 2018 | G54: =G36 -> 2019 | H54: =H36 -> 2020
A71: Valor do consumo 2*
A72: Matérias Primas e Subsidiárias | C72: =C25 -> 2015 | D72: =D25 -> 2016 | E72: =E25 -> 2017 | F72: =F25 -> 2018 | G72: =G25 -> 2019 | H72: =H25 -> 2020
C73: =C37*C55 -> 0 | D73: =D37*D55 -> 0 | E73: =E37*E55 -> 0 | F73: =F37*F55 -> 0 | G73: =G37*G55 -> 0 | H73: =H37*H55 -> 0
C74: =C38*C56 -> 0 | D74: =D38*D56 -> 0 | E74: =E38*E56 -> 0 | F74: =F38*F56 -> 0 | G74: =G38*G56 -> 0 | H74: =H38*H56 -> 0
C75: =C39*C57 -> 0 | D75: =D39*D57 -> 0 | E75: =E39*E57 -> 0 | F75: =F39*F57 -> 0 | G75: =G39*G57 -> 0 | H75: =H39*H57 -> 0
C76: =C40*C58 -> 0 | D76: =D40*D58 -> 0 | E76: =E40*E58 -> 0 | F76: =F40*F58 -> 0 | G76: =G40*G58 -> 0 | H76: =H40*H58 -> 0
C77: =C41*C59 -> 0 | D77: =D41*D59 -> 0 | E77: =E41*E59 -> 0 | F77: =F41*F59 -> 0 | G77: =G41*G59 -> 0 | H77: =H41*H59 -> 0
C78: =C42*C60 -> 0 | D78: =D42*D60 -> 0 | E78: =E42*E60 -> 0 | F78: =F42*F60 -> 0 | G78: =G42*G60 -> 0 | H78: =H42*H60 -> 0
C79: =C43*C61 -> 0 | D79: =D43*D61 -> 0 | E79: =E43*E61 -> 0 | F79: =F43*F61 -> 0 | G79: =G43*G61 -> 0 | H79: =H43*H61 -> 0
C80: =C44*C62 -> 0 | D80: =D44*D62 -> 0 | E80: =E44*E62 -> 0 | F80: =F44*F62 -> 0 | G80: =G44*G62 -> 0 | H80: =H44*H62 -> 0
C81: =C45*C63 -> 0 | D81: =D45*D63 -> 0 | E81: =E45*E63 -> 0 | F81: =F45*F63 -> 0 | G81: =G45*G63 -> 0 | H81: =H45*H63 -> 0
C82: =C46*C64 -> 0 | D82: =D46*D64 -> 0 | E82: =E46*E64 -> 0 | F82: =F46*F64 -> 0 | G82: =G46*G64 -> 0 | H82: =H46*H64 -> 0
C83: =C47*C65 -> 0 | D83: =D47*D65 -> 0 | E83: =E47*E65 -> 0 | F83: =F47*F65 -> 0 | G83: =G47*G65 -> 0 | H83: =H47*H65 -> 0
C84: =C48*C66 -> 0 | D84: =D48*D66 -> 0 | E84: =E48*E66 -> 0 | F84: =F48*F66 -> 0 | G84: =G48*G66 -> 0 | H84: =H48*H66 -> 0
... C86: =C50*C68 -> 0 | D86: =D50*D68 -> 0 | E86: =E50*E68 -> 0 | F86: =F50*F68 -> 0 | G86: =G50*G68 -> 0 | H86: =H50*H68 -> 0
A87: TOTAL | C87: =SUM(C73:C86) -> 0 | D87: =SUM(D73:D86) -> 0 | E87: =SUM(E73:E86) -> 0 | F87: =SUM(F73:F86) -> 0 | G87: =SUM(G73:G86) -> 0 | H87: =SUM(H73:H86) -> 0
A90: 1* obtido da multiplicação da produção pelo consumo de matéria prima por unidade de produto acabado.
A91: 2* obtido da multiplicação do consumo das matérias-primas pelo preço.
